 Dungeon Crawl Stone Soup version 0.30-a0-949-g53dc5368d7 (webtiles) character file.

Game seed: 16347951479620701493

15035701 RepoMan the Forbidden One (level 27, 249/249 HPs)
             Began as a Mummy Artificer on Mar 25, 2023.
             Was a High Priest of Nemelex Xobeh.
             Escaped with the Orb
             ... and 15 runes on Mar 27, 2023!
             The game lasted 11:53:28 (104620 turns).

RepoMan the Forbidden One (Mummy Artificer)       Turns: 104620, Time: 11:53:29

Health: 249/249    AC: 45    Str: 35    XL:     27
Magic:  34/40      EV: 16    Int: 11    God:    Nemelex Xobeh [*****.]
Gold:   6854       SH: 32    Dex: 18    Spells: 26/26 levels left

rFire   + + .      SeeInvis +    w - +9 broad axe (heavy)
rCold   + + +      Faith    +    T - +8 tower shield {rC+}
rNeg    + + +      Spirit   .    f - +12 gold dragon scales
rPois   ∞          Reflect  .    V - -2 hat of the Alchemist {rElec rPois rF+ rC+ rN+ Will+ rMut rCorr}
rElec   +          Rampage  .    x - +2 cloak {rCorr}
rCorr   +                        F - +2 pair of gloves {Str+3}
rMut    +                        A - +2 pair of boots
Will    +++++                    S - amulet of regeneration Stlth
                                 z - ring "Sepn" {Will+ Str+6 SInv Stlth+}
HPRegen 1.41/turn                n - ring "Piur" {rF+ rC+ rN+ Dex+3}
MPRegen 0.27/turn

@: studying 3 skills
A: cold resistance 1, negative energy resistance 3, torment resistance 2, heat
vulnerability 1, in touch with death 2, no potions, faith
0: Orb of Zot
}: 15/15 runes: serpentine, barnacled, slimy, silver, golden, iron, obsidian,
icy, bone, abyssal, demonic, glowing, magical, fiery, dark
a: Renounce Religion, Draw Escape, Draw Destruction, Draw Summoning, Triple
Draw, Deal Four, Stack Five


You escaped.
You worshipped Nemelex Xobeh.
Nemelex Xobeh was extremely pleased with you.
You visited 18 branches of the dungeon, and saw 86 of its levels.
You visited Pandemonium 2 times, and saw 18 of its levels.
You visited the Abyss 2 times.
You visited 3 bazaars.
You visited 1 ziggurat, and saw 7 of its levels.
You also visited: Sewer, Bailey, Gauntlet and Ice Cave.

You collected 12615 gold pieces.
You spent 5761 gold pieces at shops.

Inventory:

Hand Weapons
 a - the +11 flail of True Grit {antimagic, rC- rN+ Int+3}
   (You found it on level 7 of Cocytus)

   Int:       It affects your intelligence (+3).
   rC:        It makes you vulnerable to cold.
   rN:        It protects you from negative energy.
 c - a +9 broad axe of freezing
 e - a +3 heavy eveningstar
 i - the +7 sceptre of Asmodeus
   (You took it off Asmodeus on level 7 of Gehenna)

   Wielding it grants the ability to summon fiery demons, with success rate
   depending on Evocations skill.
   Those summoned this way will remain friendly only for a limited time.
 w - a +9 heavy broad axe (weapon)
Missiles
 k - 24 curare-tipped darts
 N - 8 silver javelins (quivered)
Armour
 b - the +5 Storm Queen's Shield {shock, Fly rElec}
   (You bought it in a shop on level 2 of the Elven Halls)

   Shock:     When it blocks an attack, it may electrocute the attacker.
   This works even against foes who are a short distance away.
   rElec:     It insulates you from electricity.
   Fly:       It grants you flight.
 f - +12 gold dragon scales (worn)
 s - a +0 tower shield of protection
 x - a +2 cloak of preservation (worn)
 A - a +2 pair of boots (worn)
 F - a +2 pair of gloves of strength (worn)
 T - a +8 tower shield of cold resistance (worn)
 V - the -2 hat of the Alchemist (worn) {rElec rPois rF+ rC+ rN+ Will+ rMut rCorr}
   (You bought it in a shop in a bazaar)

   rF:        It protects you from fire.
   rC:        It protects you from cold.
   rElec:     It insulates you from electricity.
   rPois:     It protects you from poison.
   rN:        It protects you from negative energy.
   rCorr:     It protects you from acid and corrosion.
   rMut:      It protects you from mutation.
   Will:      It increases your willpower.
Jewellery
 m - the ring of Shadows {Umbra +Inv Stlth+}
   (You found it on level 7 of the Iron City of Dis)

   [ring of stealth]

   Umbra:     It surrounds you with an aura of shadow, increasing your stealth
   and reducing the accuracy of all others within it.
   +Inv:      It lets you turn invisible.
   Stlth:     It makes you more stealthy.
 n - the ring "Piur" (right hand) {rF+ rC+ rN+ Dex+3}
   (You found it in an ice cave)

   [ring of positive energy]

   Dex:       It affects your dexterity (+3).
   rF:        It protects you from fire.
   rC:        It protects you from cold.
   rN:        It protects you from negative energy.
 z - the ring "Sepn" (left hand) {Will+ Str+6 SInv Stlth+}
   (You took it off a deep elf blademaster on level 3 of the Elven Halls)

   [ring of strength]

   Str:       It affects your strength (+6).
   SInv:      It lets you see invisible.
   Will:      It increases your willpower.
   Stlth:     It makes you more stealthy.
 E - a ring of protection from fire
 H - a ring of flight
 Q - an amulet of reflection
 S - an amulet of regeneration (around neck)
 U - a ring of resist corrosion
Wands
 d - a wand of charming (33)
 u - a wand of polymorph (15)
 C - a wand of mindburst (1)
 K - a wand of quicksilver (4)
 R - a wand of flame (68)
Scrolls
 o - a scroll of identify
 p - 7 scrolls of magic mapping
 q - 6 scrolls of poison
 r - 3 scrolls of immolation
 t - 10 scrolls of teleportation
 B - 2 scrolls of fog
 D - a scroll of brand weapon
 G - 14 scrolls of amnesia
 L - 10 scrolls of enchant weapon
 M - 3 scrolls of silence
 W - a scroll of enchant armour
 Y - 6 scrolls of fear
 Z - 10 scrolls of vulnerability
Miscellaneous
 g - a condenser vane
 j - a phial of floods
 l - a lightning rod (4/4)
 v - the horn of Geryon (inert)
 y - a piece from Xom's chessboard (15/15)
 J - a phantom mirror
 O - a tin of tremorstones (2/2)
 X - a figurine of a ziggurat


   Skills:
 O Level 27 Fighting
 - Level 23.1(23.3) Axes
 - Level 3.8(15.8) Maces & Flails
 + Level 19.6 Throwing
 - Level 21.1 Armour
 - Level 16.6 Dodging
 - Level 0.7 Stealth
 - Level 23.3 Shields
 O Level 27 Invocations
 * Level 18.3 Evocations


You had 26 spell levels left.
You didn't know any spells.
Your spell library contained the following spells:

 Spells                   Type           Power      Damage    Failure   Level
 Apportation              Tloc           0%         N/A       98%         1
 Foxfire                  Conj/Fire      0%         2x1d4     98%         1
 Kiss of Death            Conj/Necr      0%         2d5       98%         1
 Necrotise                Necr           0%         1d4       98%         1
 Sandblast                Erth           0%         2d4       98%         1
 Shock                    Conj/Air       0%         1d3       98%         1
 Slow                     Hex            0%         N/A       98%         1
 Sting                    Tmut/Pois      0%         1d3       98%         1
 Summon Small Mammal      Summ           0%         N/A       98%         1
 Blink                    Tloc           0%         N/A       99%         2
 Cigotuvi's Dreadful Rot  Necr/Pois/Air  0%         N/A       99%         2
 Ensorcelled Hibernation  Hex/Ice        0%         N/A       99%         2
 Lesser Beckoning         Tloc           0%         N/A       99%         2
 Momentum Strike          Conj/Tloc      0%         3d8       99%         2
 Passwall                 Tmut/Erth      0%         N/A       99%         2
 Poisonous Vapours        Pois/Air       0%         N/A       99%         2
 Scorch                   Fire           0%         2d5       99%         2
 Static Discharge         Conj/Air       0%         2-2/arc   99%         2
 Call Canine Familiar     Summ           0%         N/A       100%        3
 Confusing Touch          Hex            0%         N/A       100%        3
 Dazzling Flash           Conj/Hex       0%         N/A       100%        3
 Frozen Ramparts          Ice            0%         1d1       100%        3
 Gell's Gravitas          Tloc           0%         N/A       100%        3
 Hailstorm                Conj/Ice       0%         3d3       100%        3
 Ignite Poison            Fire/Tmut/Pois 0%         N/A       100%        3
 Inner Flame              Hex/Fire       0%         N/A       100%        3
 Kindle Blastsparks       Fire/Tloc/Air  0%         2d10      100%        3
 Mephitic Cloud           Conj/Pois/Air  0%         N/A       100%        3
 Ozocubu's Armour         Ice            0%         N/A       100%        3
 Portal Projectile        Hex/Tloc       0%         N/A       100%        3
 Stone Arrow              Conj/Erth      0%         3d7       100%        3
 Summon Guardian Golem    Hex/Summ       0%         N/A       100%        3
 Swiftness                Air            0%         N/A       100%        3
 Teleport Other           Tloc           0%         N/A       100%        3
 Tukima's Dance           Hex            0%         N/A       100%        3
 Vampiric Draining        Necr           0%         2d6       100%        3
 Vhi's Electric Charge    Tloc/Air       0%         N/A       100%        3
 Airstrike                Air            0%         2d(0-16)  100%        4
 Anguish                  Hex/Necr       0%         N/A       100%        4
 Animate Armour           Summ/Erth      0%         N/A       100%        4
 Animate Dead             Necr           0%         N/A       100%        4
 Dispel Undead            Necr           0%         3d6       100%        4
 Flame Wave               Conj/Fire      0%         2d4       100%        4
 Fulminant Prism          Conj/Hex       0%         3d5       100%        4
 Iskenderun's Mystic Bla  Conj/Tloc      0%         2d3       100%        4
 Leda's Liquefaction      Hex/Erth       0%         N/A       100%        4
 Olgreb's Toxic Radiance  Pois           0%         N/A       100%        4
 Passage of Golubria      Tloc           0%         N/A       100%        4
 Petrify                  Tmut/Erth      0%         N/A       100%        4
 Sticky Flame             Conj/Fire      0%         2d3       100%        4
 Summon Ice Beast         Ice/Summ       0%         N/A       100%        4
 Summon Lightning Spire   Summ/Air       0%         N/A       100%        4
 Agony                    Necr           0%         N/A       100%        5
 Alistair's Intoxication  Tmut/Pois      0%         N/A       100%        5
 Arcjolt                  Conj/Air       0%         1d10      100%        5
 Borgnjor's Vile Clutch   Necr/Erth      0%         N/A       100%        5
 Fireball                 Conj/Fire      0%         3d3       100%        5
 Freezing Cloud           Conj/Ice/Air   0%         6-21      100%        5
 Irradiate                Conj/Tmut      0%         3d11      100%        5
 Iskenderun's Battlesphe  Conj           0%         2d6       100%        5
 Lee's Rapid Deconstruct  Erth           0%         3d4*      100%        5
 Metabolic Englaciation   Hex/Ice        0%         N/A       100%        5
 Plasma Beam              Fire/Air       0%         2x1d11    100%        5
 Silence                  Hex/Air        0%         N/A       100%        5
 Summon Mana Viper        Hex/Summ       0%         N/A       100%        5
 Yara's Violent Unravell  Hex/Tmut       0%         3d3       100%        5
 Death Channel            Necr           0%         N/A       100%        6
 Iron Shot                Conj/Erth      0%         9d1       100%        6
 Simulacrum               Ice/Necr       0%         N/A       100%        6
 Starburst                Conj/Fire      0%         6d3       100%        6
 Summon Cactus Giant      Summ           0%         N/A       100%        6
 Enfeeble                 Hex            0%         N/A       100%        7
 Malign Gateway           Summ/Tloc      0%         N/A       100%        7
 Monstrous Menagerie      Summ           0%         N/A       100%        7
 Orb of Destruction       Conj           0%         9d5       100%        7
 Ozocubu's Refrigeration  Ice            0%         4d7       100%        7
 Spellforged Servitor     Conj/Summ      0%         N/A       100%        7
 Summon Hydra             Summ           0%         N/A       100%        7
 Ignition                 Fire           0%         3d3       100%        8
 Lehudib's Crystal Spear  Conj/Erth      0%         10d2      100%        8
 Maxwell's Capacitive Co  Air            0%         ∞         100%        8
 Summon Horrible Things   Summ           0%         N/A       100%        8
 Chain Lightning          Conj/Air       0%         N/A       100%        9
 Fire Storm               Conj/Fire      0%         5d1       100%        9
 Polar Vortex             Ice            0%         N/A       100%        9
 Shatter                  Erth           0%         3d5*      100%        9
 Sublimation of Blood     Necr           Unusable   N/A       N/A         2
 Wereblood                Tmut           Unusable   N/A       N/A         2
 Spider Form              Tmut/Pois      Unusable   N/A       N/A         3
 Ice Form                 Ice/Tmut       Unusable   N/A       N/A         4
 Blade Hands              Tmut           Unusable   N/A       N/A         5
 Statue Form              Tmut/Erth      Unusable   N/A       N/A         6
 Dragon Form              Tmut           Unusable   N/A       N/A         7
 Necromutation            Tmut/Necr      Unusable   N/A       N/A         8
 Death's Door             Necr           Unusable   N/A       N/A         9

Dungeon Overview and Level Annotations

Branches:
Dungeon (15/15)            Temple (1/1) D:4            Lair (5/5) D:10
 Shoals (4/4) Lair:3        Snake (4/4) Lair:2        Slime (5/5) Lair:4
    Orc (2/2) D:9             Elf (3/3) Orc:2        Vaults (5/5) D:14
  Crypt (3/3) Vaults:2       Tomb (3/3) Crypt:3      Depths (4/4) D:15
   Hell (visited)             Dis (7/7) Hell            Geh (7/7) Hell
    Coc (7/7) Hell            Tar (7/7) Hell            Zot (5/5) Depths:4
  Sewer (visited)          Bailey (visited)           IceCv (visited)
Gauntlet (visited)

Altars:
Ashenzari
Cheibriados
Dithmenos
Gozag
Kikubaaqudgha
Makhleb
Nemelex Xobeh
Okawaru
Ru
Sif Muna
Trog
Uskayaw
Vehumet
Wu Jian
Xom
Yredelemnul
Jiyva

Shops:
D:4 *   D:12 !   D:14 *   Orc:2 (!?   Elf:2 [   Shoals:2 *   Shoals:3 (
Snake:3 [   Vaults:2 ?   Vaults:5 [

Portals:
Hell: Depths:1 Depths:2* Depths:3 Depths:4
Abyss: Depths:2 Depths:3
Pandemonium: Depths:2

Annotations:
D:8 6 transporters
Dis:7 Dispater
Geh:3 12 runed translucent doors
Zot:3 1 runed translucent door, Boris; Ogritsah's ghost, legendary MiBe


Innate Abilities, Weirdness & Mutations

You are immune to poison.
Your flesh is cold resistant. (rC+)
You are immune to negative energy. (rN+++)
You are immune to unholy pain and torment.
You are vulnerable to heat. (rF-)
You are strongly in touch with the powers of death.
You do not drink.
You have a special connection with the divine. (Faith)


Message History

Your hell beast disappears in a puff of smoke!
A Tzitzimitl comes into view.
The Tzitzimitl completely misses you. The Tzitzimitl misses you.
You deal a card...
You have dealt Vitriol.
Press: ? - help, Shift-Dir - straight line, f - Tzitzimitl
Aim: a Tzitzimitl The bolt of acid misses the Tzitzimitl.
You deal a card...
You have dealt Vitriol.
Press: ? - help, Shift-Dir - straight line, f/p - Tzitzimitl
Aim: a Tzitzimitl The bolt of acid hits the Tzitzimitl!!!
The acid corrodes the Tzitzimitl!
The Tzitzimitl is heavily wounded.
You deal a card...
You have dealt Wild Magic.
The Tzitzimitl seems frightened for a moment.
The Tzitzimitl completely resists.
You feel a surge of magic.
You deal a card...
You have dealt the Orb.
Press: ? - help, Shift-Dir - straight line, f/p - Tzitzimitl
Aim: a Tzitzimitl (heavily wounded, covered in acid)
Your orb of destruction hits a rock wall. x2
The wavering orb of destruction weakly hits the Tzitzimitl!!
The Tzitzimitl is severely wounded.
Your orb of destruction hits a rock wall.
You block the Tzitzimitl's attack. x2
You closely miss the Tzitzimitl.
The Tzitzimitl is severely wounded.
Your orb of destruction hits a rock wall.
You block the Tzitzimitl's attack.
The Tzitzimitl bites you but does no damage.
You slash the Tzitzimitl!
The Tzitzimitl is severely wounded.
You block the Tzitzimitl's attack. x2
You slice the Tzitzimitl!!
You kill the Tzitzimitl!
There is an open door here.
There is a staircase leading out of the dungeon here.
As you read the scroll of summoning, it crumbles to dust.
Wisps of shadow whirl around you...
You have escaped!

#.###)# #...[.####..........#.#
#.....####...#'..)..........#.#
#........######.##########..#.###
#....##### #....## #..#....
#....# #.##.)# #....### #....#
#'###'# #.##.... #....# ##...##
#.##.### #....#
#..g..#######.##.#.. #....#
#.B@..#..........#.# #....#
#..g..#.########.#.# #....#
##...##............. #....#
######.###........# ###### #.#
######.#.# #.# #.#.# #.# #.#.#
### #.#.# #.#.#


You could see a friendly giant cockroach (summoned) and 2 friendly hobgoblins.

Vanquished Creatures
  Asmodeus (Geh:7)
  the Royal Jelly (Slime:5)
  Ereshkigal (Tar:7)
  the Serpent of Hell (Coc:7)
  Lom Lobon (Pan)
  11 dread liches
  5 pandemonium lords (Pan)
  2 orbs of fire
  Mnoleg (Pan)
  8 ancient liches
  3 juggernauts (Dis:7)
  Parghit (Depths:4)
  12 royal mummies
  Boris (twice) (Tomb:1 Tomb:3)
  8 Killer Klowns
  Saint Roka (Vaults:2)
  Bai Suzhen (Crypt:3)
  21 shard shrikes
  A curse toe (Zot:2)
  17 caustic shrikes
  10 bone dragons
  13 golden dragons
  14 profane servitors
  Geryon (Hell)
  8 doom hounds
  14 Brimstone Fiends
  15 hellephants
  13 Tzitzimimeh
  3 electric golems
  Zenata (Elf:3)
  10 Ice Fiends
  4 iron giants
  A walking earthen tome (Depths:3)
  13 Hell Sentinels
  24 Orb Guardians
  28 tentacled monstrosities
  Asterion (Elf:1)
  16 titans
  2 deep elf master archers (Elf:3)
  31 searing wretches
  2 deep elf blademasters (Elf:3)
  16 tainted leviathans
  8 quicksilver dragons
  11 liches
  19 acid blobs
  6 death cobs
  16 sphinxes
  41 ancient champions
  33 Executioners
  4 tengu reavers
  8 tentacled starspawn
  Kirke (Lair:5)
  22 storm dragons
  A fenstrider witch (Slime:1)
  3 nagarajas
  18 shadow dragons
  10 draconian monks
  14 rockslimes
  Ilsuiw (Shoals:3)
  19 narguns
  21 fire giants
  9 demonspawn warmongers (Pan)
  21 frost giants
  6 draconian knights
  21 azure jellies
  18 iron dragons
  9 quicksilver elementals
  8 deep elf sorcerers
  A caustic shrike zombie (Crypt:3)
  36 balrugs
  5 draconian scorchers
  26 cacodemons (Pan)
  8 shard shrike simulacra
  3 ghost moths
  A spectral caustic shrike (Tar:2)
  Aizul (Snake:3)
  15 vault wardens
  An orc warlord (Vaults:3)
  2 spriggan defenders (Depths:3)
  13 draconian shifters
  6 deep elf elementalists (Elf:3)
  5 draconian stormcallers
  An angel (Pan)
  14 ghouls
  13 ironbound preservers
  4 curse skulls
  6 ironbound thunderhulks
  A starflower (Shoals:4)
  33 war gargoyles
  7 draconian annihilators
  31 very ugly things
  17 stone giants
  18 reapers
  A juggernaut skeleton (Tomb:3)
  An apis (Vaults:2)
  10 vampire knights
  5 demonspawn blood saints (Pan)
  14 quicksilver oozes
  18 green draconians
  20 elemental wellsprings
  6 demonspawn corrupters (Pan)
  29 putrid mouths
  15 black draconians
  3 minotaurs
  6 grey draconians
  18 wendigos
  2 bennus (Tomb:3)
  4 demonspawn black suns
  A caustic shrike skeleton (Crypt:2)
  11 dire elephants
  12 white draconians
  7 deep elf demonologists
  12 deep elf annihilators
  19 yellow draconians
  13 red draconians
  2 dire elephants (shapeshifter)
  11 lorocyprocas
  A bunyip (Slime:1)
  18 purple draconians
  9 blizzard demons
  6 deep elf death magi
  A crystal guardian (Vaults:3)
  10 spark wasps
  5 iron golems
  A spectral quicksilver dragon (Tar:1)
  18 green deaths
  A quicksilver dragon zombie (Depths:2)
  4 merfolk javelineers
  22 mummy priests
  4 deep elf high priests
  6 eidola
  4 entropy weavers
  11 fire dragons
  8 merfolk impalers
  17 yaktaur captains
  12 ettins
  7 jiangshi
  A spriggan zombie (Crypt:3)
  A fenstrider witch zombie (Hell)
  A spectral spriggan (Tar:1)
  8 salamander tyrants
  14 great orbs of eyes
  32 vault guards
  6 hydras
  A kraken zombie (Hell)
  2 catoblepae
  A hell beast (Hell)
  8 juggernaut simulacra
  7 ironbound frosthearts
  8 rakshasas
  12 caustic shrike simulacra
  14 spriggan air magi
  3 boulder beetles
  10 ice dragons
  2 ogre magi
  2 satyrs
  7 two-headed ogres
  2 death knights
  A merfolk avatar (Shoals:4)
  An anaconda (shapeshifter) (Depths:4)
  A spectral draconian (Tar:1)
  12 stokers
  13 naga warriors
  2 alligator snapping turtles
  25 dancing weapons
  17 anacondas
  6 centaur warriors
  9 merfolk aquamancers
  9 deep troll shamans
  2 alligators (Vaults:2)
  2 tengu warriors (Depths:3)
  A spectral stone giant (Tar:1)
  44 death scarabs
  4 vampire magi
  3 death yaks (Lair:5)
  10 deep troll earth magi
  4 spriggan berserkers
  26 hell hogs
  12 thrashing horrors
  Urug (Orc:2)
  2 shock serpents
  An emperor scorpion zombie (Crypt:3)
  47 sun demons
  6 naga sharpshooters
  33 soul eaters
  10 hell knights
  16 deep elf knights
  2 skysharks
  9 wretched stars
  31 skeletal warriors
  12 crystal echidnas
  A fire crab (Gauntlet)
  Amaemon (D:10)
  A titan skeleton (Tomb:2)
  5 quicksilver dragon simulacra
  7 salamander mystics (Snake:4)
  11 sea snakes
  28 sixfirhies
  2 spectral bunyips
  A swamp dragon (shapeshifter) (Zig:7)
  6 iron trolls
  14 shadow wraiths
  2 bunyip zombies (Crypt:1)
  7 flayed ghosts
  A spatial maelstrom (Abyss:1)
  2 goliath frogs
  2 death drakes
  60 deep trolls
  5 shadow demons (Pan)
  14 naga ritualists
  6 swamp dragons
  11 spriggan simulacra
  2 sea snakes (shapeshifter)
  9 glowing orange brains
  15 lindwurms
  A bunyip skeleton (Crypt:2)
  8 deep elf archers
  2 orb spiders (Zig:5)
  3 bog bodies (IceCv)
  19 phantasmal warriors
  6 orc sorcerers
  12 wizards
  18 ironbound convokers
  6 orc knights
  A fenstrider witch simulacrum (Hell)
  22 deep elf pyromancers
  19 deep elf zephyrmancers
  A shadow dragon zombie (Depths:2)
  8 necromancers
  22 mana vipers
  10 harpies
  3 anaconda skeletons
  A fire giant zombie (Crypt:3)
  54 ugly things
  3 shining eyes
  An iron dragon skeleton (Pan)
  A stone giant zombie (Hell)
  3 spectral ettins
  33 moths of wrath
  9 fauns
  23 salamanders
  8 cyclopes
  A goliath frog skeleton (Crypt:3)
  13 manticores
  A shock serpent zombie (Crypt:1)
  A cyclops (shapeshifter) (Vaults:5)
  A worldbinder (Abyss:4)
  A dire elephant zombie (Crypt:1)
  11 guardian serpents
  11 vault sentinels
  8 elephants
  3 ice statues
  2 apocalypse crabs (Abyss:1)
  3 torpor snails
  A titan simulacrum (Coc:3)
  4 rust devils
  5 water nymphs
  6 merfolk sirens
  4 centaur zombies
  14 naga magi
  51 black mambas
  5 spectral swamp worms (Tar:7)
  5 unseen horrors
  A dire elephant skeleton (Tomb:1)
  5 molten gargoyles (Hell)
  8 demonic crawlers
  6 eyes of devastation
  2 gargoyles
  49 smoke demons
  13 cane toads
  2 emperor scorpion simulacra (Coc:1)
  A storm dragon simulacrum (Coc:1)
  39 orange demons
  24 freezing wraiths
  2 kobold demonologists
  2 naga skeletons
  22 hellions
  6 komodo dragons
  22 yaktaurs
  A bunyip simulacrum (Coc:2)
  7 efreet
  2 centaur skeletons
  11 tormentors
  A rime drake (Lair:1)
  5 tengu conjurers
  8 anaconda simulacra
  2 golden dragon simulacra (IceCv)
  3 iron giant simulacra
  2 harpy zombies
  3 ancient zymes (Abyss:4)
  2 ice devils
  3 hydra zombies (Hell)
  44 guardian mummies
  A purple draconian skeleton (Crypt:2)
  2 queen bees
  A wandering mushroom (Lair:4)
  7 red devils
  3 silent spectres
  14 spectral harpies
  A tyrant leech (Vaults:2)
  11 trolls
  A sea snake skeleton (Hell)
  18 merfolk
  13 hellwings
  A troll (shapeshifter) (Elf:3)
  A wind drake (shapeshifter) (D:14)
  4 hornets
  5 polar bears
  8 wind drakes
  3 harpy skeletons
  15 snapping turtles
  A tarantella zombie (Crypt:2)
  5 meliai (Abyss:4)
  2 tarantellas
  5 raiju
  14 dream sheep
  An ettin zombie (Tomb:1)
  11 blink frogs
  An iron dragon simulacrum (Coc:1)
  50 large abominations
  A culicivora (shapeshifter) (Depths:3)
  An ettin skeleton (Crypt:1)
  24 flying skulls
  A slime creature (shapeshifter) (Vaults:5)
  A jumping spider (Vaults:5)
  An alligator zombie (Hell)
  11 small abominations
  A centaur simulacrum (Crypt:3)
  83 slime creatures
  13 dire elephant simulacra
  A culicivora (Vaults:2)
  A spriggan (Depths:3)
  4 air elementals
  2 shadows
  3 wyverns
  39 yaks
  15 ynoxinuls
  11 wraiths
  2 hogs
  4 ushabtiu
  A merfolk skeleton (Pan)
  A human (Lair:5)
  21 water elementals
  3 naga simulacra
  9 fire bats
  45 starcursed masses
  6 golden eyes
  26 neqoxecs
  A tyrant leech zombie (Crypt:3)
  6 basilisks
  16 chaos spawn
  7 redbacks
  7 vampire mosquitoes
  3 wargs
  Edmund (D:5)
  38 nagas
  16 harpy simulacra
  4 hydra simulacra
  An acid dragon (Lair:2)
  15 water moccasins
  2 floating eyes (Depths:3)
  9 hell hounds
  2 sky beasts
  21 orc warriors
  2 ettin simulacra
  An ice beast (D:5)
  13 ogres
  3 alligator simulacra (IceCv)
  4 black bears
  2 tengu
  A tengu (shapeshifter) (Lair:4)
  4 boggarts (Vaults:2)
  3 centaurs
  17 wolves
  A torpor snail zombie (Crypt:1)
  A phantom (D:5)
  11 kobold brigands
  A salamander zombie (Crypt:2)
  An earth elemental (Elf:2)
  10 bullfrogs
  2 deep troll simulacra (IceCv)
  3 gnoll sergeants
  A cyclops zombie (Crypt:2)
  4 scorpions
  4 necrophages
  5 wights (D:9)
  2 lindwurm simulacra (IceCv)
  A warg skeleton (Crypt:3)
  A killer bee (D:8)
  8 vampire bats
  5 electric eels
  4 spriggan skeletons
  6 wolf zombies (Bailey)
  6 crimson imps
  5 howler monkeys
  7 quasits
  A human zombie (Crypt:1)
  Crazy Yiuf (D:5)
  3 hounds
  3 jellies
  17 orc priests
  2 sleepcaps
  2 gnoll boudas
  3 iron imps
  A human skeleton (Crypt:1)
  5 iguanas
  18 orc wizards
  6 hell rats (Lair:5)
  An acid dragon zombie (Crypt:3)
  42 mummies
  13 gnolls
  14 adders
  4 shadow imps
  A steam dragon skeleton (Crypt:2)
  2 white imps
  3 ufetubi
  An adder skeleton (Crypt:1)
  2 dart slugs
  60 orcs
  9 endoplasms
  A giant cockroach (D:4)
  13 goblins
  4 hobgoblins
  4 jackals (D:3)
  5 quokkas
  7 ball pythons
  12 bats
  8 frilled lizards
  A gnoll zombie (Crypt:1)
  50 kobolds
  6 kobold skeletons (D:10)
  13 kobold zombies
  18 orc zombies (Bailey)
  A quokka skeleton (Crypt:3)
  6 rats
  3 ball lightnings (Pan)
  13 fire vortices
  14 starspawn tentacles
  A tentacle (Hell)
4047 creatures vanquished.

Vanquished Creatures (collateral kills)
  Cerebov (Pan)
  Antaeus (Coc:7)
  A pandemonium lord (Pan)
  Ignacio (Pan)
  Gloorx Vloq (Pan)
  A juggernaut (Depths:3)
  Boris (Vaults:2)
  A shard shrike (Coc:7)
  A caustic shrike (Dis:7)
  2 profane servitors (Tar:7)
  2 doom hounds (Crypt:2)
  A bone dragon (Tar:2)
  An iron giant (Dis:7)
  3 Tzitzimimeh
  2 Ice Fiends (Coc:7)
  A Hell Sentinel (Dis:7)
  A lich (IceCv)
  3 Orb Guardians (Zot:5)
  A titan (Shoals:2)
  Grunn (Crypt:2)
  2 ancient champions
  A thorn hunter (Lair:4)
  2 acid blobs (Slime:5)
  A storm dragon (Vaults:4)
  A nagaraja (Snake:4)
  An azure jelly (Slime:5)
  A rockslime (Slime:5)
  2 revenants
  Roxanne (Elf:3)
  A fire giant (Depths:3)
  A frost giant (Coc:7)
  An iron dragon (Dis:1)
  The ghost of Yceroow the Sorcerer, an adept DECj of Sif Muna (Shoals:2)
  3 reapers
  A very ugly thing (IceCv)
  A spriggan defender (Depths:3)
  A cacodemon (Pan)
  A stone giant (Depths:2)
  A deep elf annihilator (Pan)
  A vampire knight (Depths:2)
  2 dire elephants (Vaults:3)
  A minotaur (Gauntlet)
  3 putrid mouths
  A wendigo (Tar:6)
  A green death (Tar:6)
  2 eidola
  2 merfolk javelineers
  3 iron golems (Dis:7)
  Josephine (D:10)
  A spriggan zombie (Depths:2)
  An ice dragon (Depths:1)
  2 ogre magi
  A rakshasa (Pan)
  A hell beast (Tar:6)
  4 hydras
  2 vault guards (D:14)
  A peacekeeper (Vaults:3)
  A salamander tyrant (Snake:4)
  2 alligator snapping turtles
  2 centaur warriors (D:13)
  A catoblepas (D:13)
  A juggernaut simulacrum (Coc:7)
  7 two-headed ogres
  2 anacondas
  8 dancing weapons
  A satyr (Shoals:4)
  A tengu warrior (Shoals:2)
  2 naga warriors (Snake:2)
  A naga sharpshooter (Snake:1)
  3 hell knights
  A soul eater (Pan)
  5 deep elf knights
  An iron troll (Depths:1)
  2 sea snakes (Snake:3)
  3 skeletal warriors (Crypt:1)
  A ghost moth zombie (Crypt:2)
  A swamp dragon (Shoals:2)
  A flayed ghost (Crypt:1)
  A wizard (Pan)
  A deep troll (Orc:2)
  2 obsidian statues
  3 deep elf archers
  A spriggan simulacrum (Coc:7)
  A lindwurm (Lair:2)
  3 deep elf zephyrmancers
  2 harpies
  A frost giant zombie (Depths:2)
  5 deep elf pyromancers
  An oklob plant (Gauntlet)
  A mana viper (Snake:1)
  A salamander (Snake:4)
  4 ugly things
  2 necromancers (Depths:2)
  3 manticores
  A shining eye (Slime:5)
  A rust devil (D:12)
  A merfolk siren (Shoals:4)
  A toenail golem (D:1)
  A guardian serpent (Snake:2)
  Joseph (Lair:1)
  3 cyclopes
  A guardian serpent (shapeshifter) (Depths:3)
  A black mamba (Snake:1)
  2 water nymphs (Shoals:4)
  2 orange demons
  A cane toad (Lair:5)
  A gargoyle (Bailey)
  Maggie (D:8)
  3 yaktaurs
  A rime drake (Lair:5)
  An ice devil (IceCv)
  3 golden dragon simulacra
  2 guardian mummies (Crypt:1)
  A tormentor (Tar:2)
  6 merfolk
  A tarantella (shapeshifter) (D:15)
  4 trolls (Orc:2)
  A large abomination (Pan)
  3 blink frogs (Lair:5)
  4 snapping turtles
  A ynoxinul (Pan)
  2 water elementals
  3 ushabtiu (Crypt:3)
  A yak (D:9)
  3 wraiths (D:10)
  A vampire (Bailey)
  A fire bat (shapeshifter) (Lair:5)
  A vampire mosquito (D:13)
  2 acid dragons (Gauntlet)
  4 hell hounds (D:12)
  An alligator simulacrum (IceCv)
  An ettin simulacrum (IceCv)
  An ice beast (Lair:5)
  A dream sheep zombie (Crypt:1)
  8 ogres (Orc:2)
  4 centaurs (D:13)
  A lindwurm simulacrum (IceCv)
  A human skeleton (Crypt:1)
  4 mummies (Crypt:1)
  A howler monkey zombie (Crypt:2)
  A bat zombie (Crypt:2)
  A ball python skeleton (Crypt:3)
  4 ball lightnings (Pan)
256 creatures vanquished.

Vanquished Creatures (others)
  A dread lich (Geh:4)
  2 liches
  An eldritch tentacle (Depths:4)
  A fire giant (Depths:3)
  A draconian knight (Zot:2)
  A shard shrike simulacrum (Coc:4)
  A draconian scorcher (Zot:3)
  A deep elf elementalist (Elf:3)
  A wendigo (Coc:1)
  A merfolk javelineer (Shoals:4)
  A deep elf high priest (Vaults:2)
  A blizzard demon (Pan)
  2 rakshasas (Pan)
  A merfolk avatar (Shoals:4)
  A juggernaut simulacrum (Coc:1)
  An ogre mage (Crypt:2)
  A deep troll shaman (Lair:5)
  2 deep elf knights
  A deep troll (Depths:1)
  An orb spider (Snake:2)
  A deep elf archer (Elf:1)
  A bog body (IceCv)
  A wizard (Pan)
  2 deep elf zephyrmancers
  An ugly thing (Vaults:1)
  An orange demon (Pan)
  An iron giant simulacrum (Coc:1)
  2 spectral harpies (Geh:3)
  A yaktaur (Vaults:4)
  2 trolls (Orc:2)
  2 stone giant simulacra (Coc:1)
  An iron dragon simulacrum (Coc:7)
  2 dire elephant simulacra
  A vampire (D:10)
  A yak (D:9)
  3 humans
  A water moccasin (Lair:5)
  2 ogres (Orc:2)
  10 ball lightnings (Pan)
  A block of ice (Pan)
  4 creeping infernos (Geh:7)
  A demonic plant (Gauntlet)
  A fire vortex (Geh:6)
  48 fungi
  A lurking horror (Abyss:1)
  115 plants
  12 starspawn tentacles
  6 tentacles (Hell)
  14 withered plants (Gauntlet)
262 creatures vanquished.

Grand Total: 4565 creatures vanquished

Notes
Turn   | Place    | Note
-------+----------+-------------------------------------------
     0 | D:1      | RepoMan the Mummy Artificer began the quest for the Orb.
     0 | D:1      | Reached XP level 1. HP: 15/15 MP: 1/1
   145 | D:1      | Reached skill level 1 in Axes
   160 | D:1      | Reached XP level 2. HP: 17/21 MP: 2/2
  1130 | D:2      | Gained mutation: You are in touch with the powers of death.
                  | [Mummy growth]
  1130 | D:2      | Reached XP level 3. HP: 23/26 MP: 3/3
  1783 | D:3      | Reached XP level 4. HP: 28/32 MP: 4/4
  1906 | D:3      | Found a glowing drain.
  1938 | Sewer    | Entered a sewer
  2036 | Sewer    | Reached XP level 5. HP: 28/37 MP: 5/5
  2676 | D:3      | You fall into a shaft and drop 2 floors!
  2676 | D:5      | Entered Level 5 of the Dungeon
  2680 | D:5      | Noticed a black bear
  3011 | D:3      | Found a snail-covered altar of Cheibriados.
  3037 | D:4      | Found Bogeil's Bounteous Boutique.
  3053 | D:4      | Bought a scroll of blinking for 90 gold pieces
  3167 | D:4      | Noticed a black bear
  3179 | D:4      | Killed a black bear
  3180 | D:4      | Reached XP level 6. HP: 35/43 MP: 6/6
  3349 | D:4      | Found a staircase to the Ecumenical Temple.
  3358 | Temple   | Entered the Ecumenical Temple
  3399 | Temple   | Became a worshipper of Nemelex Xobeh the Trickster
  3685 | D:4      | Reached skill level 5 in Axes
  3828 | D:4      | Noticed an angel
  3833 | D:4      | Found a basalt altar of Yredelemnul.
  3835 | D:4      | Noticed a profane servitor
  3997 | D:4      | Identified the +4 scale mail of Space {Str+2}
  4227 | D:5      | Reached XP level 7. HP: 39/48 MP: 7/7
  4570 | D:5      | Reached * piety under Nemelex Xobeh
  4590 | D:5      | Received a gift from Nemelex Xobeh
  4598 | D:5      | Noticed Edmund
  4611 | D:5      | Killed Edmund
  4680 | D:5      | Reached skill level 1 in Invocations
  4705 | D:5      | Reached XP level 8. HP: 48/57 MP: 8/8
  4912 | D:5      | Found a runed translucent door.
  4913 | D:5      | Noticed Crazy Yiuf
  5453 | D:6      | Reached ** piety under Nemelex Xobeh
  5468 | D:6      | Found a shadowy altar of Dithmenos.
  5473 | D:6      | Found an ornate altar of the Wu Jian Council.
  5477 | D:6      | Found a burning altar of Makhleb.
  6061 | D:6      | Received a gift from Nemelex Xobeh
  6137 | D:6      | Reached XP level 9. HP: 62/66 MP: 11/11
  6354 | D:7      | Reached *** piety under Nemelex Xobeh
  6550 | D:7      | Reached skill level 1 in Shields
  6700 | D:7      | Reached skill level 5 in Fighting
  7230 | D:7      | Noticed an unseen horror
  7243 | D:7      | Killed an unseen horror
  7456 | D:8      | Found a transporter.
  7456 | D:8      | Found a transporter.
  7466 | D:8      | Found an opulent altar of Gozag.
  7508 | D:8      | Found a transporter.
  7508 | D:8      | Found a transporter.
  7627 | D:8      | Received a gift from Nemelex Xobeh
  7666 | D:8      | Found a flagged portal.
  7753 | Bailey   | Entered a bailey
  7884 | Bailey   | Noticed a gargoyle
  7888 | Bailey   | Killed a gargoyle
  7956 | Bailey   | Reached XP level 10. HP: 76/76 MP: 13/13
  7998 | Bailey   | Identified the +8 ring mail "Qecuvats" {*Corrode Str-4
                  | Int+5 Dex+3}
  8354 | D:8      | Noticed Pikel
  8356 | D:8      | Pikel changed into Pikel the hornet
  8356 | D:8      | Noticed Pikel
  8375 | D:8      | Killed Pikel the hornet
  8376 | D:8      | Reached skill level 5 in Invocations
  8477 | D:8      | Found a transporter.
  8477 | D:8      | Found a transporter.
  8482 | D:8      | Noticed Maggie
  8496 | D:8      | Killed Maggie
  9115 | D:9      | Noticed a two-headed ogre
  9125 | D:9      | Killed a two-headed ogre
  9126 | D:9      | Reached skill level 10 in Axes
  9225 | D:9      | Found a staircase to the Orcish Mines.
  9235 | D:9      | Reached **** piety under Nemelex Xobeh
  9287 | D:9      | Received a gift from Nemelex Xobeh
  9935 | D:9      | Reached XP level 11. HP: 68/84 MP: 15/15
 10273 | D:10     | Entered Level 10 of the Dungeon
 10287 | D:10     | Found a staircase to the Lair.
 10557 | D:10     | Noticed Josephine
 10568 | D:10     | Killed Josephine
 10668 | D:10     | Received a gift from Nemelex Xobeh
 10711 | D:10     | Noticed Amaemon
 10725 | D:10     | Killed Amaemon
 10730 | D:10     | Reached skill level 5 in Shields
 11174 | D:10     | Noticed a soul eater
 11234 | D:10     | Found an ancient bone altar of Kikubaaqudgha.
 11301 | D:10     | Received a gift from Nemelex Xobeh
 11377 | D:10     | Noticed a two-headed ogre
 11397 | D:10     | Killed a two-headed ogre
 11726 | Lair:1   | Entered Level 1 of the Lair of Beasts
 12180 | Lair:1   | Noticed Joseph
 12665 | Lair:1   | Reached ***** piety under Nemelex Xobeh
 12772 | Lair:1   | Reached XP level 12. HP: 58/94 MP: 17/17
 13167 | Lair:1   | Received a gift from Nemelex Xobeh
 13889 | Lair:2   | Received a gift from Nemelex Xobeh
 13899 | Lair:2   | Found a staircase to the Snake Pit.
 14779 | Lair:2   | Noticed a six-headed hydra
 14791 | Lair:2   | Killed a six-headed hydra
 14838 | Lair:2   | Received a gift from Nemelex Xobeh
 15281 | Lair:3   | Noticed a catoblepas
 15524 | Lair:3   | a catoblepas changed into a quicksilver ooze
 15524 | Lair:3   | Noticed a quicksilver ooze
 15736 | Lair:3   | Found a staircase to the Shoals.
 16133 | Lair:3   | Killed a quicksilver ooze
 16348 | Lair:4   | Received a gift from Nemelex Xobeh
 16500 | Lair:4   | Found a staircase to the Slime Pits.
 16506 | Lair:4   | an oklob plant changed into a shambling mangrove
 16506 | Lair:4   | Noticed a shambling mangrove
 16517 | Lair:4   | a shambling mangrove changed into a thorn hunter
 16517 | Lair:4   | Noticed a thorn hunter
 16518 | Lair:4   | Identified the -1 quarterstaff of Twilight {protect, +Blink
                  | Int-5 SInv Stlth+}
 16521 | Lair:4   | Noticed a four-headed hydra
 16524 | Lair:4   | Killed a thorn hunter
 16525 | Lair:4   | Gained mutation: You are strongly in touch with the powers
                  | of death. [Mummy growth]
 16525 | Lair:4   | Reached XP level 13. HP: 79/102 MP: 19/19
 16669 | Lair:4   | Received a gift from Nemelex Xobeh
 16815 | Lair:4   | Received a gift from Nemelex Xobeh
 16929 | Lair:4   | Found a viscous altar of Jiyva.
 17190 | Lair:4   | Reached ****** piety under Nemelex Xobeh
 17319 | Lair:5   | Entered Level 5 of the Lair of Beasts
 17546 | Lair:5   | Reached skill level 10 in Fighting
 17990 | Lair:5   | Received a gift from Nemelex Xobeh
 18201 | Lair:5   | Noticed Kirke
 18204 | Lair:5   | Killed Kirke
 18308 | Lair:5   | Received a gift from Nemelex Xobeh
 18997 | Lair:5   | Received a gift from Nemelex Xobeh
 19249 | Lair:2   | Reached XP level 14. HP: 104/111 MP: 21/21
 19255 | Lair:2   | Identified the staff of earth "Jiawac" {Dex+5}
 19266 | Lair:2   | Identified the +5 dagger of Irog {heavy, rElec Str+6 Dex-4}
 19296 | Lair:1   | Killed Joseph
 19385 | Orc:1    | Entered Level 1 of the Orcish Mines
 19855 | Orc:1    | Received a gift from Nemelex Xobeh
 20278 | Orc:2    | Entered Level 2 of the Orcish Mines
 20652 | Orc:1    | Received a gift from Nemelex Xobeh
 20792 | Orc:2    | Found a staircase to the Elven Halls.
 20981 | Orc:2    | Noticed Urug
 20987 | Orc:2    | Killed Urug
 21025 | Orc:2    | Reached skill level 5 in Armour
 21132 | Orc:2    | Found Zocefop's Magic Scroll Boutique.
 21143 | Orc:2    | Found Siacozer's General Store.
 21145 | Orc:2    | Found Imigakhle's Distillery.
 21150 | Orc:2    | Found Piefes's Antique Weapon Shop.
 21156 | Orc:2    | Received a gift from Nemelex Xobeh
 21174 | Orc:2    | Bought a scroll of poison for 40 gold pieces
 21174 | Orc:2    | Bought a scroll of fog for 40 gold pieces
 21174 | Orc:2    | Bought a scroll of immolation for 40 gold pieces
 21174 | Orc:2    | Bought a scroll of teleportation for 30 gold pieces
 21533 | D:5      | Killed Crazy Yiuf
 21843 | D:10     | Reached skill level 10 in Invocations
 21982 | D:11     | Received a gift from Nemelex Xobeh
 22363 | D:11     | Received a gift from Nemelex Xobeh
 22867 | D:12     | Found Zaranopy's Distillery.
 22916 | D:12     | Received a gift from Nemelex Xobeh
 23120 | D:12     | Identified the +1 trident of the Toadstool {heavy, rElec
                  | rF+}
 23181 | D:12     | Found a runed translucent door.
 23310 | D:12     | Identified the staff of air "Xagh" {rElec MP+9}
 23854 | D:13     | Received a gift from Nemelex Xobeh
 24127 | D:13     | Received a gift from Nemelex Xobeh
 24673 | D:14     | Reached XP level 15. HP: 108/119 MP: 22/22
 24695 | D:14     | Received a gift from Nemelex Xobeh
 24746 | D:14     | Found a gate leading to a gauntlet.
 24754 | Gauntlet | Entered a Gauntlet
 24754 | Gauntlet | Found a transporter.
 24763 | Gauntlet | Found a transporter.
 24778 | Gauntlet | Found a transporter.
 24783 | Gauntlet | Found a transporter.
 24803 | Gauntlet | Found a transporter.
 24808 | Gauntlet | Received a gift from Nemelex Xobeh
 24817 | Gauntlet | Found a transporter.
 24829 | Gauntlet | Found a transporter.
 24841 | Gauntlet | Found a transporter.
 24853 | Gauntlet | Found a transporter.
 24865 | Gauntlet | Found a transporter.
 24884 | Gauntlet | Found a transporter.
 24899 | Gauntlet | Found a transporter.
 24901 | Gauntlet | Found a transporter.
 24930 | Gauntlet | Found a transporter.
 24930 | Gauntlet | Found a transporter.
 24932 | Gauntlet | Found a transporter.
 24961 | Gauntlet | Found a transporter.
 24963 | Gauntlet | Found a transporter.
 25260 | Gauntlet | Identified the +1 helmet of Discretion {-Cast Will+ SInv}
 25377 | Gauntlet | Identified the +3 great sword of Gallantry {flame, rPois
                  | Will+ Str-3 Dex+5}
 25453 | D:14     | Received a gift from Nemelex Xobeh
 25541 | D:14     | Found Voled's Assorted Antiques.
 25549 | D:14     | Bought a scroll of teleportation for 87 gold pieces
 25911 | D:14     | Reached skill level 15 in Axes
 26101 | D:14     | Found an iron altar of Okawaru.
 26215 | D:14     | Found a gate to the Vaults.
 26355 | D:14     | Identified the +4 falchion of Strategic Superiority {drain,
                  | rPois rF+ rC+ Dex+3}
 26402 | D:14     | Received a gift from Nemelex Xobeh
 26873 | D:15     | Entered Level 15 of the Dungeon
 26983 | D:15     | Found a frozen archway.
 26989 | IceCv    | Entered an ice cave
 27783 | IceCv    | Found an ancient bone altar of Kikubaaqudgha.
 27919 | IceCv    | Noticed a lich
 27924 | IceCv    | Killed a lich
 28075 | IceCv    | Identified the ring "Piur" {rF+ rC+ rN+ Dex+3}
 28685 | D:15     | Reached XP level 16. HP: 61/129 MP: 24/24
 28965 | D:15     | Found a staircase to the Depths.
 29075 | D:15     | Received a gift from Nemelex Xobeh
 29342 | Snake:1  | Entered Level 1 of the Snake Pit
 29784 | Snake:1  | Received a gift from Nemelex Xobeh
 29801 | Snake:1  | Reached skill level 1 in Dodging
 30216 | Snake:1  | Reached skill level 10 in Shields
 31417 | Snake:2  | Received a gift from Nemelex Xobeh
 32787 | Snake:2  | Received a gift from Nemelex Xobeh
 33110 | Snake:2  | Found a shadowy altar of Dithmenos.
 33156 | Snake:2  | You fall into a shaft and drop 1 floor!
 33265 | Snake:3  | Noticed Aizul
 33324 | Snake:3  | Killed Aizul
 33528 | Snake:3  | Found Qufe's Armour Boutique.
 33653 | Snake:3  | Received a gift from Nemelex Xobeh
 33801 | Snake:3  | Reached skill level 5 in Evocations
 34239 | Snake:3  | Reached XP level 17. HP: 100/137 MP: 26/26
 35577 | Snake:2  | Received a gift from Nemelex Xobeh
 37258 | D:14     | Bought a wand of charming (7) for 487 gold pieces
 37258 | D:14     | Bought a scroll of torment for 275 gold pieces
 37516 | D:4      | Bought a scroll of brand weapon for 114 gold pieces
 37786 | Shoals:1 | Entered Level 1 of the Shoals
 37798 | Shoals:1 | Received a gift from Nemelex Xobeh
 38077 | Shoals:1 | Identified a scroll of acquirement
 38088 | Shoals:1 | Acquired a +7 broad axe of freezing
 38129 | Shoals:1 | Received a gift from Nemelex Xobeh
 38420 | Shoals:2 | Received a gift from Nemelex Xobeh
 38423 | Shoals:2 | Found a flickering gateway to a bazaar.
 38450 | Bazaar   | Entered a bazaar
 38450 | Bazaar   | Found Qoph's Antique Armour Emporium.
 38467 | Bazaar   | Found Pyt Yfon's Antique Armour Emporium.
 38486 | Bazaar   | Found Teucw's Jewellery Emporium.
 38520 | Bazaar   | Bought a faintly humming plate armour for 616 gold pieces
 38520 | Bazaar   | Identified the +1 plate armour of Twilight {SInv} (You
                  | bought it in a shop in a bazaar)
 38525 | Bazaar   | Bought a pair of embroidered boots for 165 gold pieces
 38528 | Bazaar   | Bought the -2 hat of the Alchemist {rElec rPois rF+ rC+ rN+
                  | Will+ rMut rCorr} for 1038 gold pieces
 38528 | Bazaar   | Found the -2 hat of the Alchemist {rElec rPois rF+ rC+ rN+
                  | Will+ rMut rCorr}
 38666 | Shoals:2 | You are sucked into a shaft and drop 1 floor!
 38666 | Shoals:3 | Noticed Ilsuiw
 38668 | Shoals:3 | Killed Ilsuiw
 38689 | Shoals:3 | Found Risoluegg's Weapon Shoppe.
 38839 | Shoals:2 | Received a gift from Nemelex Xobeh
 38851 | Shoals:2 | Noticed a titan
 38875 | Shoals:2 | Killed a titan
 39303 | Shoals:2 | Found a runed translucent gate.
 39304 | Shoals:2 | Found a runed translucent gate.
 39304 | Shoals:2 | Found an opulent altar of Gozag.
 39305 | Shoals:2 | Found a runed translucent gate.
 39307 | Shoals:2 | Noticed Yceroow's ghost (adept DECj)
 39309 | Shoals:2 | Found Vuwu's Assorted Antiques.
 39312 | Shoals:2 | Identified the +0 plate armour of the Burning God {rElec
                  | rN+ SInv}
 39577 | Shoals:2 | Killed Yceroow's ghost
 39630 | Shoals:2 | Bought a wand of flame (10) for 210 gold pieces
 40235 | Shoals:3 | Reached XP level 18. HP: 143/145 MP: 28/28
 40274 | Shoals:3 | Received a gift from Nemelex Xobeh
 40715 | Shoals:4 | Entered Level 4 of the Shoals
 40955 | Shoals:4 | Received a gift from Nemelex Xobeh
 41415 | Shoals:4 | Got a barnacled rune of Zot
 42016 | Shoals:4 | Identified the -1 pair of boots "Oweitoin" {-Cast Harm
                  | rPois Stlth-}
 42323 | Shoals:4 | Found an opulent altar of Gozag.
 42721 | Snake:4  | Entered Level 4 of the Snake Pit
 42825 | Snake:4  | Received a gift from Nemelex Xobeh
 43026 | Snake:4  | Reached skill level 5 in Dodging
 43542 | Snake:4  | Received a gift from Nemelex Xobeh
 44346 | Snake:4  | Reached skill level 15 in Invocations
 45396 | Snake:4  | Got a serpentine rune of Zot
 45651 | Elf:1    | Entered Level 1 of the Elven Halls
 45658 | Elf:1    | Reached XP level 19. HP: 138/153 MP: 30/30
 45662 | Elf:1    | Received a gift from Nemelex Xobeh
 45697 | Elf:1    | Found a radiant altar of Vehumet.
 46045 | Elf:1    | Paralysed by an air elemental for 1 turns
 46724 | Elf:1    | Noticed Asterion
 46737 | Elf:1    | Killed Asterion
 46866 | Elf:1    | Identified the +7 kite shield of Sin {Fly}
 46983 | Elf:1    | Received a gift from Nemelex Xobeh
 47249 | Elf:2    | Reached skill level 10 in Armour
 47365 | Elf:2    | Paralysed by an air elemental for 1 turns
 47670 | Elf:2    | Found a runed translucent gate.
 47671 | Elf:2    | Found a runed translucent gate.
 47671 | Elf:2    | Found a runed translucent gate.
 47748 | Elf:2    | Found Abutyteq's Antique Armour Boutique.
 48036 | Elf:2    | Received a gift from Nemelex Xobeh
 48596 | Elf:3    | Entered Level 3 of the Elven Halls
 48596 | Elf:3    | Received a gift from Nemelex Xobeh
 48627 | Elf:3    | Noticed Roxanne
 48857 | Elf:3    | Noticed Zenata
 48872 | Elf:3    | Killed Zenata
 49235 | Elf:3    | Received a gift from Nemelex Xobeh
 49324 | Elf:3    | Reached skill level 15 in Fighting
 49442 | Elf:3    | Killed Roxanne
 49823 | Elf:3    | Identified the ring "Sepn" {Will+ Str+6 SInv Stlth+}
 49838 | Elf:3    | Reached XP level 20. HP: 123/162 MP: 32/32
 49845 | Elf:3    | Identified the +3 battleaxe "Sihegonetu" {chaos, rF- Int+5
                  | Dex+3}
 50481 | Elf:3    | Identified the +9 scimitar of the Jolly Ships {heavy, Str+3
                  | Dex+2}
 50481 | Elf:3    | Identified the +2 robe "Gyxaes" {rF+ MP+9 Dex-5 Archmagi}
 50698 | Elf:3    | Identified the amulet "Daeph" {Faith Dex+3}
 51179 | Vaults:1 | Entered Level 1 of the Vaults
 51179 | Vaults:1 | Received a gift from Nemelex Xobeh
 51975 | Vaults:1 | Received a gift from Nemelex Xobeh
 52442 | Elf:2    | Bought the +5 Storm Queen's Shield {shock, Fly rElec} for
                  | 1003 gold pieces
 52442 | Elf:2    | Found the +5 Storm Queen's Shield {shock, Fly rElec}
 52754 | Vaults:1 | Received a gift from Nemelex Xobeh
 53497 | Vaults:2 | Received a gift from Nemelex Xobeh
 53911 | Vaults:2 | Found Kuzonaj's Magic Scroll Emporium.
 53923 | Vaults:2 | Bought a scroll of vulnerability for 88 gold pieces
 53923 | Vaults:2 | Bought a scroll of torment for 209 gold pieces
 53923 | Vaults:2 | Bought a scroll of enchant weapon for 165 gold pieces
 53923 | Vaults:2 | Bought a scroll of fog for 88 gold pieces
 54041 | Vaults:2 | Found a staircase to the Crypt.
 54041 | Vaults:2 | Found an ancient bone altar of Kikubaaqudgha.
 54042 | Vaults:2 | Found a basalt altar of Yredelemnul.
 54058 | Vaults:2 | Received a gift from Nemelex Xobeh
 54469 | Vaults:2 | Noticed Saint Roka
 54479 | Vaults:2 | Killed Saint Roka
 54498 | Vaults:2 | Received a gift from Nemelex Xobeh
 54556 | Vaults:2 | Noticed Mennas
 54557 | Vaults:2 | Mennas changed into Mennas the apis
 54557 | Vaults:2 | Noticed Mennas
 54558 | Vaults:2 | Reached XP level 21. HP: 170/170 MP: 24/33
 54569 | Vaults:2 | Killed Mennas the apis
 54575 | Vaults:2 | Reached skill level 1 in Throwing
 54641 | Vaults:2 | Noticed Boris
 54654 | Vaults:2 | Killed Boris
 54951 | Vaults:3 | Identified the +6 halberd of Severance {speed, rPois rN++
                  | Int-2 SInv}
 55095 | Vaults:3 | Received a gift from Nemelex Xobeh
 55451 | Vaults:3 | Acquired a manual of Fighting
 55628 | Vaults:3 | Received a gift from Nemelex Xobeh
 56721 | Vaults:3 | Received a gift from Nemelex Xobeh
 56813 | Vaults:3 | Identified the +1 robe "Gienumma" {rPois Str+2 Stlth-
                  | Archmagi}
 57067 | Vaults:4 | Identified the +0 scale mail of Restlessness {rN+++ Int-2}
 57217 | Vaults:4 | Found a flickering gateway to a bazaar.
 57277 | Bazaar   | Entered a bazaar
 57318 | Bazaar   | Found Cusos's Book Shoppe.
 57338 | Bazaar   | Found Mycipp's Antique Weapon Shop.
 57399 | Bazaar   | Found Lexuukhla's Distillery.
 57484 | Vaults:4 | Received a gift from Nemelex Xobeh
 57500 | Vaults:4 | Reached skill level 15 in Shields
 57602 | Vaults:4 | Identified the ring "Ugraruq" {rN+ MP+9 Int+2}
 58343 | Vaults:4 | Received a gift from Nemelex Xobeh
 58753 | Crypt:1  | Entered Level 1 of the Crypt
 59091 | Crypt:1  | Acquired a manual of Throwing
 59103 | Crypt:1  | Reached XP level 22. HP: 180/180 MP: 34/34
 59193 | Crypt:1  | Got Borgnjor's Spellbook of Wicked Secrets
 59643 | Crypt:1  | Received a gift from Nemelex Xobeh
 59752 | Crypt:2  | Noticed Grunn
 60098 | Crypt:2  | Killed Grunn
 60638 | Crypt:2  | Received a gift from Nemelex Xobeh
 61037 | Crypt:3  | Entered Level 3 of the Crypt
 61050 | Crypt:3  | Reached skill level 5 in Throwing
 61225 | Crypt:3  | Noticed Bai Suzhen
 61236 | Crypt:3  | Received a gift from Nemelex Xobeh
 61246 | Crypt:3  | Killed Bai Suzhen
 61645 | Crypt:3  | Found a basalt altar of Yredelemnul.
 61648 | Crypt:3  | Found an ancient bone altar of Kikubaaqudgha.
 61663 | Crypt:3  | Identified the +6 falchion "Sisecuor" {flame, rPois rC-
                  | MP+9 Str+4}
 61665 | Crypt:3  | Identified the +2 robe of Charred Awe {rElec Int+2}
 61668 | Crypt:3  | Noticed an ancient lich
 61676 | Crypt:3  | Killed an ancient lich
 61819 | Crypt:3  | Identified the staff of poison "Xedump" {Drain rElec rPois
                  | Int+7}
 61820 | Crypt:3  | Identified the ring "Diym" {rN+ Will++}
 61820 | Crypt:3  | Identified the ring "Qag Foiti" {Fly rN+}
 61824 | Crypt:3  | Identified the +2 battleaxe of Equivalence {spect, *Noise
                  | rPois rC+}
 62060 | Crypt:3  | Found a staircase to the Tomb.
 62073 | Crypt:3  | Received a gift from Nemelex Xobeh
 62340 | Crypt:3  | Reached XP level 23. HP: 150/189 MP: 36/36
 62574 | Crypt:2  | Found a runed door.
 62609 | Crypt:2  | Noticed a dread lich
 62621 | Crypt:2  | Killed a dread lich
 62635 | Crypt:2  | Identified the +0 long sword of the Unbearable God {drain,
                  | rPois}
 62648 | Crypt:2  | Identified the ring "Haukhor" {rC- Int+6 Dex+4}
 62649 | Crypt:2  | Identified the +1 hat of Plog {Str+3 Stlth+}
 62670 | Crypt:2  | Identified the staff of conjuration "Qaser" {rElec Will+
                  | Dex-2}
 62671 | Crypt:2  | Identified the +0 hat of the Stone Wall {rF+ Will+ Int+2}
 62673 | Crypt:2  | Identified the +2 short sword "Jocutorch" {flame, rElec
                  | rPois Int+3 Dex-3}
 63049 | Depths:1 | Entered Level 1 of the Depths
 63381 | Depths:1 | Received a gift from Nemelex Xobeh
 63401 | Depths:1 | Found a gateway to Hell.
 63674 | Depths:1 | Found the +3 salamander hide armour {Flames, rFlCloud rF++
                  | rC--}
 63770 | Depths:1 | Received a gift from Nemelex Xobeh
 63998 | Depths:2 | Found a runed translucent door.
 64282 | Depths:2 | Found a one-way gate leading to the halls of Pandemonium.
 64304 | Depths:2 | Found a one-way gate to the infinite horrors of the Abyss.
 64545 | Depths:3 | Received a gift from Nemelex Xobeh
 64559 | Depths:3 | Noticed a juggernaut
 64569 | Depths:3 | Killed a juggernaut
 64615 | Depths:3 | Found a snail-covered altar of Cheibriados.
 64933 | Depths:3 | Reached XP level 24. HP: 168/201 MP: 36/36
 64965 | Depths:3 | Found a flickering gateway to a bazaar.
 64969 | Bazaar   | Entered a bazaar
 64969 | Bazaar   | Found Hasuraij's Armour Emporium.
 64969 | Bazaar   | Found Ufuicecu's Assorted Antiques.
 64969 | Bazaar   | Found Piap's General Store.
 64971 | Bazaar   | Found Tiaroeh's Jewellery Shoppe.
 64982 | Bazaar   | Bought a tin of tremorstones (2/2) for 360 gold pieces
 65031 | Depths:3 | Identified the +3 short sword "Lepleudwoj" {heavy, rPois
                  | rF+ Int-3}
 65244 | Depths:3 | Reached skill level 10 in Evocations
 66226 | Depths:3 | Received a gift from Nemelex Xobeh
 66525 | Depths:4 | Entered Level 4 of the Depths
 66553 | Depths:4 | Found a hide-covered altar of Uskayaw.
 66731 | Depths:4 | Received a gift from Nemelex Xobeh
 66774 | Depths:4 | Noticed Parghit
 67533 | Slime:1  | Entered Level 1 of the Pits of Slime
 67533 | Slime:1  | Found a viscous altar of Jiyva.
 67549 | Slime:1  | Reached skill level 10 in Throwing
 67657 | Slime:1  | Received a gift from Nemelex Xobeh
 68173 | Slime:3  | Received a gift from Nemelex Xobeh
 68485 | Slime:5  | Entered Level 5 of the Pits of Slime
 68536 | Slime:5  | Received a gift from Nemelex Xobeh
 68837 | Slime:5  | Received a gift from Nemelex Xobeh
 69123 | Slime:5  | Found a viscous altar of Jiyva.
 69210 | Slime:5  | Noticed the Royal Jelly
 69218 | Slime:5  | Killed the Royal Jelly
 69269 | Slime:5  | Identified the staff of fire "Ruidwilu" {rF+ Int+7}
 69276 | Slime:5  | Identified the +4 dagger of Nuism {freeze, *Noise rN+++
                  | Int-5 Dex+4}
 69311 | Slime:5  | Got a slimy rune of Zot
 69313 | Slime:5  | Got Foneenk's Discursus on the Volcanic Faeries
 69377 | Slime:5  | Identified the ring "Huvorph" {rC+ Int+4}
 69823 | Depths:4 | Identified the -1 trident "Pureczac" {holy, rF++ Dex+3}
 69855 | Depths:4 | Killed Parghit
 69856 | Depths:4 | Reached XP level 25. HP: 106/210 MP: 36/37
 70219 | Depths:4 | Found a gate to the Realm of Zot.
 70696 | Depths:4 | Received a gift from Nemelex Xobeh
 70739 | Depths:4 | Found a one-way gateway to a ziggurat.
 70877 | Zot:1    | Entered Level 1 of the Realm of Zot
 71748 | Zot:1    | Received a gift from Nemelex Xobeh
 71930 | Zot:2    | Noticed a Killer Klown
 72094 | Zot:2    | Noticed a Killer Klown
 72116 | Zot:2    | Killed a Killer Klown
 72168 | Zot:1    | Killed a Killer Klown
 72399 | Zot:2    | Received a gift from Nemelex Xobeh
 72958 | Zot:2    | Received a gift from Nemelex Xobeh
 73357 | Zot:2    | Reached XP level 26. HP: 220/220 MP: 37/37
 73747 | Zot:3    | Found a runed translucent door.
 73747 | Zot:3    | Noticed Ogritsah's ghost (legendary MiBe)
 74307 | Zot:3    | Received a gift from Nemelex Xobeh
 74863 | Zot:3    | You are sucked into a shaft and drop 1 floor!
 75173 | Zot:4    | Received a gift from Nemelex Xobeh
 75236 | Zot:4    | Identified the +8 chain mail "Hume" {Harm rF- Will+}
 75566 | Zot:4    | Received a gift from Nemelex Xobeh
 76306 | Vaults:5 | Entered Level 5 of the Vaults
 76306 | Vaults:5 | Received a gift from Nemelex Xobeh
 76324 | Vaults:5 | Noticed a dread lich
 76739 | Vaults:5 | Noticed a dread lich
 76743 | Vaults:5 | Identified the +4 shortbow "Wuotac" {drain, rC+}
 76761 | Vaults:5 | Killed a dread lich
 76773 | Vaults:5 | Reached skill level 15 in Armour
 76777 | Vaults:5 | Reached XP level 27. HP: 228/229 MP: 38/38
 76827 | Vaults:5 | Received a gift from Nemelex Xobeh
 77060 | Vaults:5 | Got a silver rune of Zot
 77426 | Vaults:5 | Received a gift from Nemelex Xobeh
 77428 | Vaults:5 | Found Neja's Antique Armour Shoppe.
 77429 | Vaults:5 | Noticed a dread lich
 77451 | Vaults:5 | Killed a dread lich
 77473 | Vaults:5 | Bought a dazzling plate armour for 616 gold pieces
 77473 | Vaults:5 | Identified the +0 plate armour "Powannes" {Stlth+} (You
                  | bought it in a shop on level 5 of the Vaults)
 77556 | Vaults:5 | Killed a dread lich
 77705 | Vaults:5 | Noticed an ancient lich
 77719 | Vaults:5 | Killed an ancient lich
 79010 | Depths:2 | Identified the ring of Dogma {Ice rN+}
 79084 | Depths:2 | Found a runed translucent door.
 79244 | Depths:2 | Got the Codex of Burning
 79405 | Zig:1    | Entered Level 1 of a ziggurat
 79418 | Zig:2    | Entered Level 2 of a ziggurat
 79433 | Zig:3    | Entered Level 3 of a ziggurat
 79457 | Zig:4    | Entered Level 4 of a ziggurat
 79474 | Zig:4    | Got the Anthology of Flame and Transmogrification
 79477 | Zig:4    | Identified the staff of conjuration "Sysiczat" {Fly}
 79483 | Zig:5    | Entered Level 5 of a ziggurat
 79659 | Zig:6    | Entered Level 6 of a ziggurat
 79659 | Zig:6    | Received a gift from Nemelex Xobeh
 79679 | Zig:6    | Identified the +6 short sword "Beakanub" {freeze, *Rage Fly
                  | rN+++ SInv}
 79736 | Zig:7    | Entered Level 7 of a ziggurat
 79885 | Depths:2 | Upgraded the game from 0.30-a0-939-gc8157cb160 to
                  | 0.30-a0-940-ge5077277c9
 79893 | Pan      | Entered Pandemonium
 79916 | Pan      | Entered the realm of Cerebov.
 80103 | Pan      | Received a gift from Nemelex Xobeh
 80127 | Pan      | Identified the ring "Wot Qieso" {AC+4 Dex+3}
 80272 | Pan      | Acquired a manual of Polearms
 80366 | Pan      | Found the +6 sword of Cerebov {flame}
 80366 | Pan      | Noticed Cerebov
 80450 | Pan      | Received a gift from Nemelex Xobeh
 80761 | Pan      | Identified the +7 halberd "Killer Bee's Regret" {flame,
                  | rElec rC+ Str-3}
 80840 | Pan      | Killed Cerebov
 80870 | Pan      | Got a fiery rune of Zot
 80905 | Pan      | Identified the +3 dagger of Ciunual {chaos, Str+3}
 80917 | Pan      | Identified the staff of earth "Dycs" {rPois}
 80919 | Pan      | Identified the +0 ring mail of Sin {-Cast rPois rC+ rN+}
 80936 | Pan      | Identified the staff of conjuration "Tosim" {Fragile Fly
                  | rF+}
 81002 | Pan      | Entered the realm of Mnoleg.
 81153 | Pan      | Found an exit through the horrors of the Abyss.
 81161 | Pan      | Received a gift from Nemelex Xobeh
 81344 | Pan      | Noticed Mnoleg
 81357 | Pan      | Killed Mnoleg
 81441 | Pan      | Got a glowing rune of Zot
 81730 | Pan      | Found an exit through the horrors of the Abyss.
 81818 | Pan      | Noticed Hubbeat the pandemonium lord
 82287 | Pan      | Killed Hubbeat the pandemonium lord
 82325 | Pan      | Got a demonic rune of Zot
 82364 | Pan      | Found an exit through the horrors of the Abyss.
 82401 | Pan      | Found a huge runed translucent gate.
 82402 | Pan      | Found a huge runed translucent gate.
 82402 | Pan      | Found a huge runed translucent gate.
 82403 | Pan      | Found a huge runed translucent gate.
 82403 | Pan      | Found a huge runed translucent gate.
 82403 | Pan      | Found a huge runed translucent gate.
 82464 | Pan      | Found a huge runed translucent gate.
 82464 | Pan      | Found a huge runed translucent gate.
 82465 | Pan      | Found a huge runed translucent gate.
 82465 | Pan      | Found a huge runed translucent gate.
 82465 | Pan      | Found a huge runed translucent gate.
 82466 | Pan      | Found a huge runed translucent gate.
 82466 | Pan      | Found a huge runed translucent gate.
 82466 | Pan      | Found a huge runed translucent gate.
 82466 | Pan      | Found a huge runed translucent gate.
 82466 | Pan      | Found a huge runed translucent gate.
 82466 | Pan      | Noticed Hask the pandemonium lord
 82467 | Pan      | Found a huge runed translucent gate.
 82467 | Pan      | Found a huge runed translucent gate.
 82467 | Pan      | Found a huge runed translucent gate.
 82467 | Pan      | Found a huge runed translucent gate.
 82467 | Pan      | Found a huge runed translucent gate.
 82468 | Pan      | Received a gift from Nemelex Xobeh
 82548 | Pan      | Entered the realm of Gloorx Vloq.
 82557 | Pan      | Found an exit through the horrors of the Abyss.
 82673 | Pan      | Received a gift from Nemelex Xobeh
 82934 | Pan      | Reached skill level 10 in Dodging
 83117 | Pan      | Noticed Gloorx Vloq
 83130 | Pan      | Killed Gloorx Vloq
 83135 | Pan      | Received a gift from Nemelex Xobeh
 83158 | Pan      | Got a dark rune of Zot
 83489 | Pan      | Received a gift from Nemelex Xobeh
 83509 | Pan      | Noticed Jiexifoq the pandemonium lord
 83514 | Pan      | Killed Jiexifoq the pandemonium lord
 83609 | Pan      | Noticed Ignacio
 83614 | Pan      | Killed Ignacio
 83639 | Pan      | Noticed Feyruatt the pandemonium lord
 83656 | Pan      | Killed Feyruatt the pandemonium lord
 83765 | Pan      | Received a gift from Nemelex Xobeh
 83934 | Pan      | Noticed Ifiodeni the pandemonium lord
 83943 | Pan      | Killed Ifiodeni the pandemonium lord
 84194 | Pan      | Noticed Fethui the pandemonium lord
 84202 | Pan      | Received a gift from Nemelex Xobeh
 84312 | Pan      | Entered the realm of Lom Lobon.
 84504 | Pan      | Noticed Lom Lobon
 84506 | Pan      | Identified the +5 executioner's axe of Honour {heavy, Drain
                  | Str+5 Int+3 SInv}
 84515 | Pan      | Identified the +1 long sword of the Assorted Dreams
                  | {antimagic, *Slow rC+ rN+ Dex+3}
 84707 | Pan      | Got a magical rune of Zot
 84858 | Pan      | Received a gift from Nemelex Xobeh
 84867 | Depths:2 | Escaped Pandemonium
 84937 | Depths:3 | Voluntarily entered the Abyss.
 84937 | Abyss:1  | Found a corrupted altar of Lugonu.
 84943 | Abyss:1  | Found a corrupted altar of Lugonu.
 85002 | Abyss:1  | Received a gift from Nemelex Xobeh
 85156 | Abyss:1  | Paralysed by accursed screaming for 1 turns
 85289 | Abyss:1  | Reached skill level 1 in Maces & Flails
 85318 | Abyss:1  | Found a corrupted altar of Lugonu.
 85321 | Abyss:1  | Received a gift from Nemelex Xobeh
 85390 | Abyss:1  | Found a corrupted altar of Lugonu.
 85428 | Abyss:4  | Found a corrupted altar of Lugonu.
 85434 | Abyss:4  | Found a corrupted altar of Lugonu.
 85449 | Abyss:4  | Received a gift from Nemelex Xobeh
 85489 | Abyss:4  | Paralysed by accursed screaming for 2 turns
 85617 | Abyss:4  | Found an opulent altar of Gozag.
 85649 | Abyss:4  | Paralysed by accursed screaming for 1 turns
 85844 | Abyss:4  | Got an abyssal rune of Zot
 85872 | Abyss:4  | Found a corrupted altar of Lugonu.
 85873 | Abyss:4  | Received a gift from Nemelex Xobeh
 86019 | Depths:3 | Escaped the Abyss
 86060 | Hell     | Entered the Vestibule of Hell
 86060 | Hell     | Noticed Geryon
 86076 | Hell     | Killed Geryon
 86326 | Hell     | Upgraded the game from 0.30-a0-940-ge5077277c9 to
                  | 0.30-a0-949-g53dc5368d7
 86370 | Hell     | Found a gateway to the freezing wastes of Cocytus.
 86424 | Coc:1    | Entered Level 1 of Cocytus
 86472 | Coc:1    | Paralysed by a wendigo for 1 turns
 86479 | Coc:1    | Paralysed by a wendigo for 1 turns
 86512 | Coc:1    | Paralysed by a wendigo for 1 turns
 86561 | Coc:1    | Paralysed by a wendigo for 1 turns
 86581 | Coc:1    | Paralysed by a wendigo for 1 turns
 86655 | Coc:2    | Noticed an ancient lich
 86661 | Coc:2    | Received a gift from Nemelex Xobeh
 86668 | Coc:2    | Killed an ancient lich
 86951 | Coc:4    | Paralysed by a wendigo for 1 turns
 87103 | Coc:4    | Reached skill level 27 in Invocations
 87273 | Coc:5    | Received a gift from Nemelex Xobeh
 87427 | Coc:6    | Paralysed by a wendigo for 1 turns
 87559 | Coc:7    | Entered Level 7 of Cocytus
 87638 | Coc:7    | Noticed the Serpent of Hell
 87654 | Coc:7    | Killed the Serpent of Hell
 87725 | Coc:7    | Identified the -1 trident "Tiehon" {drain, Dex+4}
 87763 | Coc:7    | Reached skill level 15 in Throwing
 87840 | Coc:7    | Paralysed by a wendigo for 1 turns
 87862 | Coc:7    | Paralysed by a wendigo for 1 turns
 88014 | Coc:7    | Identified the ring of Dishonesty {Drain rN+ Dex+3 SInv
                  | Stlth+}
 88029 | Coc:7    | Paralysed by a wendigo for 1 turns
 88069 | Coc:7    | Paralysed by a wendigo for 1 turns
 88076 | Coc:7    | Paralysed by a wendigo for 1 turns
 88240 | Coc:7    | Identified the staff of fire "Koeturim" {rF+ Int+5}
 88248 | Coc:7    | Identified the +6 rapier "Xesiekh" {flame, rC+ MP+9}
 88252 | Coc:7    | Got the Treatise on the Fetid Boggart
 88257 | Coc:7    | Identified the +11 flail of True Grit {antimagic, rC- rN+
                  | Int+3}
 88456 | Coc:7    | Received a gift from Nemelex Xobeh
 88492 | Coc:7    | Noticed Antaeus
 88695 | Coc:7    | Killed Antaeus
 88724 | Coc:7    | Got an icy rune of Zot
 88730 | Coc:7    | Identified the +4 shortbow "Qesar" {freeze, rC++ SInv}
 88828 | Hell     | Found a gateway to the Iron City of Dis.
 88891 | Hell     | Found a gateway to the decaying netherworld of Tartarus.
 88912 | Tar:1    | Entered Level 1 of Tartarus
 88948 | Tar:1    | Received a gift from Nemelex Xobeh
 89421 | Tar:5    | Received a gift from Nemelex Xobeh
 89637 | Tar:5    | Received a gift from Nemelex Xobeh
 89734 | Tar:6    | Paralysed by a wendigo for 1 turns
 89965 | Tar:7    | Entered Level 7 of Tartarus
 90376 | Tar:7    | Received a gift from Nemelex Xobeh
 90646 | Tar:7    | Identified the amulet of Okhlonuc {Acrobat Fly Int+4}
 90649 | Tar:7    | Identified the ring "Heluomn" {Wiz rN+ Will+ Slay-6}
 90654 | Tar:7    | Identified the +5 dagger of the Mind {distort, rC- Str+7}
 90733 | Tar:7    | Noticed Ereshkigal
 90752 | Tar:7    | Killed Ereshkigal
 90770 | Tar:7    | Reached skill level 15 in Dodging
 90791 | Tar:7    | Got a bone rune of Zot
 90792 | Tar:7    | Identified the +9 war axe "Bena" {heavy, Drain rElec rC-
                  | Int+9}
 90797 | Tar:7    | Identified the +8 war axe "Zeomuno" {protect, rElec Int+5
                  | Dex-2}
 91004 | Dis:1    | Entered Level 1 of the Iron City of Dis
 91301 | Dis:2    | Received a gift from Nemelex Xobeh
 91632 | Dis:3    | You fall into a shaft and drop 3 floors!
 91690 | Dis:6    | Received a gift from Nemelex Xobeh
 91881 | Dis:7    | Entered Level 7 of the Iron City of Dis
 92272 | Dis:7    | Received a gift from Nemelex Xobeh
 92283 | Dis:7    | Noticed a juggernaut
 92296 | Dis:7    | Killed a juggernaut
 92671 | Dis:7    | Noticed a juggernaut
 92686 | Dis:7    | Killed a juggernaut
 92842 | Dis:7    | Noticed Dispater
 93211 | Dis:7    | Noticed a juggernaut
 93235 | Dis:7    | Killed a juggernaut
 93528 | Dis:7    | Found the ring of Shadows {Umbra +Inv Stlth+}
 93677 | Dis:7    | Identified the +0 scale mail of the Slightly Bent {*Corrode
                  | rElec rPois SInv}
 94076 | Dis:7    | Received a gift from Nemelex Xobeh
 94610 | Dis:7    | Identified the staff of conjuration "Anuoc" {rF+ Int+6
                  | Dex-3 SInv}
 94610 | Dis:7    | Found the +9 scales of the Dragon King {rPois rF+ rC+
                  | Will+}
 94614 | Dis:7    | Got an iron rune of Zot
 94771 | Hell     | Found a gateway to the ashen valley of Gehenna.
 94802 | Geh:1    | Entered Level 1 of Gehenna
 94802 | Geh:1    | You fall into a shaft and drop 1 floor!
 95106 | Geh:3    | Found a runed translucent gate.
 95106 | Geh:3    | Found a runed translucent gate.
 95107 | Geh:3    | Found a runed translucent gate.
 95107 | Geh:3    | Found a runed translucent gate.
 95112 | Geh:3    | Found a runed translucent gate.
 95112 | Geh:3    | Found a runed translucent gate.
 95112 | Geh:3    | Found a runed translucent gate.
 95112 | Geh:3    | Found a runed translucent gate.
 95112 | Geh:3    | Found a runed translucent gate.
 95113 | Geh:3    | Found a runed translucent gate.
 95113 | Geh:3    | Found a runed translucent gate.
 95113 | Geh:3    | Found a runed translucent gate.
 95596 | Geh:4    | Noticed a dread lich
 95596 | Geh:4    | Noticed a dread lich
 95596 | Geh:4    | Noticed an ancient lich
 95596 | Geh:4    | Noticed a dread lich
 95596 | Geh:4    | Noticed a dread lich
 95596 | Geh:4    | Noticed an ancient lich
 95596 | Geh:4    | Noticed an ancient lich
 95602 | Geh:4    | Killed a dread lich
 95605 | Geh:4    | Killed a dread lich
 95609 | Geh:4    | Killed an ancient lich
 95609 | Geh:4    | Killed a dread lich
 95609 | Geh:4    | Killed an ancient lich
 95611 | Geh:4    | Killed an ancient lich
 95614 | Geh:4    | Killed a dread lich
 95691 | Geh:5    | Received a gift from Nemelex Xobeh
 96351 | Geh:7    | Entered Level 7 of Gehenna
 96720 | Geh:7    | Received a gift from Nemelex Xobeh
 96738 | Geh:7    | Reached skill level 15 in Evocations
 97486 | Geh:7    | Identified the +0 robe of Jycloann {rF+ rC+}
 97508 | Geh:7    | Found the +7 sceptre of Asmodeus
 97508 | Geh:7    | Noticed Asmodeus
 97538 | Geh:7    | Killed Asmodeus
 97551 | Geh:7    | Got an obsidian rune of Zot
 98099 | Tomb:1   | Entered Level 1 of the Tomb of the Ancients
 98099 | Tomb:1   | Received a gift from Nemelex Xobeh
 98249 | Tomb:1   | Noticed Boris
 98275 | Tomb:1   | Killed Boris
 98382 | Tomb:1   | Noticed a royal mummy
 98401 | Tomb:1   | Killed a royal mummy
 98776 | Tomb:1   | Noticed a royal mummy
 98776 | Tomb:1   | Noticed a royal mummy
 98776 | Tomb:1   | Noticed a royal mummy
 98781 | Tomb:1   | Killed a royal mummy
 98782 | Tomb:1   | Killed a royal mummy
 98783 | Tomb:1   | Killed a royal mummy
 98816 | Tomb:1   | Received a gift from Nemelex Xobeh
 99387 | Pan      | Entered Pandemonium
 99638 | Pan      | Found an exit through the horrors of the Abyss.
 99729 | Pan      | Noticed Ojeler the pandemonium lord
 99743 | Pan      | Killed Ojeler the pandemonium lord
 99854 | Pan      | Received a gift from Nemelex Xobeh
100075 | Pan      | Received a gift from Nemelex Xobeh
100193 | Pan      | Found an exit through the horrors of the Abyss.
100222 | Pan      | Noticed Zutulaf the pandemonium lord
100247 | Pan      | Killed Zutulaf the pandemonium lord
100474 | Pan      | Received a gift from Nemelex Xobeh
100487 | Pan      | Noticed Lom Lobon
100550 | Pan      | Killed Lom Lobon
101065 | Pan      | Received a gift from Nemelex Xobeh
101151 | Pan      | Took an exit into the Abyss.
101151 | Abyss:4  | Escaped into the Abyss
101151 | Abyss:4  | Found a corrupted altar of Lugonu.
101156 | Depths:2 | Escaped the Abyss
101575 | Tomb:2   | Noticed a royal mummy
101576 | Tomb:2   | Noticed a royal mummy
101577 | Tomb:2   | Noticed a royal mummy
101587 | Tomb:2   | Killed a royal mummy
101590 | Tomb:2   | Killed a royal mummy
101591 | Tomb:2   | Noticed a royal mummy
101701 | Tomb:3   | Entered Level 3 of the Tomb of the Ancients
101704 | Tomb:3   | Noticed Boris
101714 | Tomb:3   | Identified the +1 dagger of Pudotew {heavy, rF+ rCorr
                  | Dex-5}
101718 | Tomb:3   | Noticed a royal mummy
101721 | Tomb:3   | Received a gift from Nemelex Xobeh
101721 | Tomb:3   | Noticed a royal mummy
101725 | Tomb:3   | Reached skill level 27 in Fighting
101815 | Tomb:3   | Noticed a royal mummy
101815 | Tomb:3   | Noticed a royal mummy
101818 | Tomb:3   | Killed a royal mummy
101821 | Tomb:3   | Killed Boris
101822 | Tomb:3   | Killed a royal mummy
101825 | Tomb:3   | Noticed a royal mummy
101827 | Tomb:3   | Noticed a royal mummy
101834 | Tomb:3   | Killed a royal mummy
101835 | Tomb:3   | Noticed a royal mummy
101838 | Tomb:3   | Got a golden rune of Zot
101849 | Tomb:3   | Killed a royal mummy
101990 | Tomb:3   | Killed a royal mummy
102010 | Tomb:3   | Found the +11 Singing Sword {sonic wave}
102049 | Tomb:3   | Killed a royal mummy
102074 | Tomb:3   | Identified the +2 quarterstaff of Duxel {freeze, rF+ Str-4
                  | Int+2 Stlth+}
102077 | Tomb:3   | Identified the staff of cold "Gator" {rC+ Str+4 Dex-5}
102622 | Zot:5    | Entered Level 5 of the Realm of Zot
103166 | Zot:5    | Noticed an orb of fire
103167 | Zot:5    | Identified the -1 long sword "Ividwym" {heavy, Str+6}
103168 | Zot:5    | Noticed an orb of fire
103180 | Zot:5    | Killed an orb of fire
103247 | Zot:5    | Noticed a dread lich
103250 | Zot:5    | Noticed a dread lich
103263 | Zot:4    | Killed an orb of fire
103327 | Zot:5    | Noticed a dread lich
103332 | Zot:5    | Killed a dread lich
103347 | Zot:5    | Killed a dread lich
103348 | Zot:5    | Killed a dread lich
103390 | Zot:5    | Noticed an ancient lich
103412 | Zot:5    | Killed an ancient lich
103633 | Zot:5    | Noticed a dread lich
103649 | Zot:5    | Killed a dread lich
103754 | Zot:5    | Received a gift from Nemelex Xobeh
103778 | Zot:5    | Noticed an ancient lich
103793 | Zot:5    | Killed an ancient lich
103829 | Zot:5    | Identified the +0 plate armour of the Sparrow {rPois Int+6}
103966 | Zot:5    | Got the Orb of Zot
104084 | Zot:3    | Noticed Boris
104620 | D:$      | Escaped with the Orb!

Illustrated notes

Levels and vault maps discovered:
D:1:      noname_arrival_rooms_in_the_neighbourhood, layout_basic
D:2:      layout_loops_ring, minmay_crystal_room, minmay_misc_feat_more_columns
D:3:      layout_loops_ring, lemuel_round_altar, portal_sewer_entry_a,
          kennysheep_generic_room_5
D:4:      layout_gridville, grunt_temple_overflow_holy_war,
          minmay_temple_entry_stoned_glass, nicolae_alphabet_shops,
          kennysheep_small_spiral
D:5:      layout_cave_pools, hangedman_decor_clover_reticule, uniq_edmund,
          uniq_crazy_yiuf_cottage
D:6:      layout_cave_pools, lemuel_coloured_pillars_altar,
          minmay_overflow_temple_star_quad, st_stairs_12
D:7:      layout_gridville, kennysheep_small_square
D:8:      layout_rooms, grunt_gozag_breadcrumbs, enter_bailey_5,
          serial_nicolae_subway, nicolae_sub_station_metal,
          nicolae_sub_station_stone, nicolae_sub_station_crystal, uniq_maggie,
          uniq_pikel
D:9:      minmay_s_stair_smasher, layout_cave_pools, orc_0_dummy
D:10:     wander_kiku_kobolds, layout_loops_ring, dpeg_oklobed_lair,
          uniq_amaemon, uniq_josephine
D:11:     layout_long_grid, water_boxes_lemuel
D:12:     mludivico_vault, layout_loops_ring, serial_shops,
          nicolae_stop_n_shop_1
D:13:     layout_gridville
D:14:     layout_grid_maze, grunt_vaults_entry_fortified, serial_shops, shop,
          gauntlet_entry_generic, okawaru_metal_pillars_1_2
D:15:     grunt_enter_depths_giant_problem, layout_rooms, amethyst_killhole,
          portal_ice_cave_entry_pillars_1
Temple:   compressed_dpeg_circular_temple
Lair:1:   layout_gridlike, minivault_26, infiniplex_staircase_pool, uniq_joseph
Lair:2:   layout_long_grid, nicolae_snake_entry_squirm, minmay_lindwurm_lava
Lair:3:   layout_loops_ring, elwin_shoals_entry_rooms, roderic_batcave
Lair:4:   layout_regular_city, minmay_slime_entry_oklob_open,
          serial_bayou_shore_a
Lair:5:   grunt_lair_end_beastmaster, layout_regular_city, grunt_megastairs_5,
          uniq_kirke
Shoals:1: layout_shoals
Shoals:2: cheibrodos_shoals_gigantism, layout_shoals, ebering_ghost_gozag,
          serial_shops, bzr_entry_dummy, kb_tengu_band
Shoals:3: layout_shoals, nicolae_take_the_stairs, uniq_ilsuiw
Shoals:4: shoals_end_simple, layout_shoals, lemuel_oklob_altar
Snake:1:  layout_misc_corridors
Snake:2:  nicolae_snake_attic_fulla_snakes, layout_chambers, basic_altar,
          nicolae_integral_box
Snake:3:  layout_layer_cave, serial_shops, nicolae_diamond_shop,
          guppyfry_snake_island, uniq_aizul
Snake:4:  johnstein_snake_rune_scales, layout_cave_town
Slime:1:  layout_caves, basic_altar
Slime:2:  layout_caves, uniq_dissolution
Slime:3:  layout_caves
Slime:4:  layout_caves, cheibrodos_slime_lost_civilization_6
Slime:5
Orc:1:    layout_diamond_mine
Orc:2:    st_orc_open, layout_caves, uniq_urug
Elf:1:    eino_elf_arrival_altar, layout_gridlike, hangedman_elf_represent,
          uniq_asterion
Elf:2:    nicolae_elf_blades_crystal_corner, layout_geoelf_grid, serial_shops,
          shop
Elf:3:    elf_hall, layout_geoelf_grid, serial_co_window_serial,
          co_window_corner_a, co_window_paths_a, co_window_paths_a,
          co_window_of_opportunity_a, co_window_corner_a, co_window_corner_b,
          co_window_corner_ca, co_window_corner_b, co_window_corner_b,
          uniq_zenata, uniq_roxanne
Vaults:1: vaults_dpeg_emergency_exit, hangedman_vaults_corner_blocks,
          hangedman_vaults_slice, v_rooms_3, vaults_standard_mumra_x,
          layout_vaults_chaotic_city
Vaults:2: vaults_mumra_hex, st_eye, minmay_crypt_entry_necro_gods,
          hangedman_vaults_impose, v_misc_26, v_misc_16, layout_vaults_omnigrid,
          serial_shops, shop, uniq_saint_roka, uniq_mennas, uniq_boris
Vaults:3: nicolae_vaults_little_squares_4, vaults_room_hallway,
          nicolae_vaults_arrows, hangedman_vaults_capsules, vaults_room_pools,
          v_rooms_2, vaults_mumra_chevron, st_cross, ontoclasm_vaults_shuriken,
          v_misc_17, nicolae_vaults_alarming, vaults_room_pool,
          ontoclasm_vaults_twist, ontoclasm_vaults_gateway,
          layout_vaults_big_cross
Vaults:4: vaults_room_glass_cross, vaults_standard_mumra_enter_the_diamond,
          nicolae_vaults_network_quinsquares
          [nicolae_vaults_network_quincunx_subvault,
          nicolae_vaults_network_quincunx_subvault,
          nicolae_vaults_network_quincunx_subvault,
          nicolae_vaults_network_quincunx_subvault], vaults_dpeg_spiral,
          ontoclasm_vaults_decontamination, vaults_room_corners,
          ontoclasm_vaults_pinch, v_rooms_1, v_misc_10, dpeg_vaults_monster_row,
          ontoclasm_vaults_ligature, nicolae_vaults_circle_grid_b,
          ontoclasm_vaults_ring_small, layout_vaults_maze, serial_shops,
          freezing_bzr
Vaults:5: serial_shops
Crypt:1:  layout_misc_corridors, special_room [special_room_morgue],
          grunt_crypt_arrival_guarded_gate
Crypt:2:  evilmike_wizard_prison, layout_rooms, uniq_grunn
Crypt:3:  lightli_unholy_cathedral, layout_chaotic_city,
          tomb_entry_simple_bobbens, minmay_misc_feat_alley, uniq_bai_suzhen
Tomb:1
Tomb:2
Tomb:3
Depths:1: layout_cave_shapes, kennysheep_decorative_pillar, hell_entry,
          hellmonk_guarded_unrand_salamander, grunt_megastairs_3
Depths:2: mu_elemental_laboratory, layout_cave_pools,
          grunt_pan_entry_in_and_out, abyss_entry, hell_entry
Depths:3: minmay_the_grid_square_5x5_5x5
          [minmay_the_grid_square_5x5_fancy_junction,
          minmay_the_grid_square_5x5_two_small,
          minmay_the_grid_square_5x5_lines, minmay_the_grid_square_5x5_n_small,
          minmay_the_grid_square_5x5_beaten_path,
          minmay_the_grid_square_5x5_two,
          minmay_the_grid_square_5x5_prize_monsterx,
          minmay_the_grid_square_5x5_hollow_slash,
          minmay_the_grid_square_5x5_prize_snowflake,
          minmay_the_grid_square_5x5_bite,
          minmay_the_grid_square_5x5_broken_cross,
          minmay_the_grid_square_5x5_bracketed,
          minmay_the_grid_square_5x5_prize_itemx,
          minmay_the_grid_square_5x5_gyroscope, minmay_the_grid_square_5x5_meh,
          minmay_the_grid_square_5x5_inset,
          minmay_the_grid_square_5x5_prize_junk,
          minmay_the_grid_square_5x5_inner_v,
          minmay_the_grid_square_5x5_prize_pseudospiral,
          minmay_the_grid_square_5x5_almost_minimal,
          minmay_the_grid_square_5x5_c, minmay_the_grid_square_5x5_v,
          minmay_the_grid_square_5x5_plus, minmay_the_grid_square_5x5_detours,
          minmay_the_grid_square_5x5_inner_i], layout_long_grid, hell_entry,
          serial_shops, bzr_in_the_mist, abyss_entry, elyvilon_altar_3,
          st_stairs_11, slow_altar_1, infiniplex_staircase_river
Depths:4: grunt_zot_entry_bicorn, layout_honeycomb, enter_ziggurat_b,
          hell_entry, nicolae_uskayaw_en_pointe, uniq_parghit
Hell
Dis:1:    hangedman_dis_monolith, layout_regular_city, door_vault
Dis:2:    layout_jigsaw
Dis:3:    layout_jigsaw, lemuel_dis_dragons
Dis:6:    layout_gridville, minmay_strange_pillars,
          nicolae_dis_metal_dragon_surprise
Dis:7:    dis_grunt_layers
Geh:1:    layout_gehenna_lava_caves
Geh:2:    layout_gehenna_pools_box, minmay_fire_ice_demons
Geh:3:    nicolae_geh_seventh_circle, layout_gehenna_pools_basic,
          nicolae_geh_backdraft
Geh:4:    layout_gehenna_lava_caves, nicolae_hells_leichenhalle
Geh:5:    layout_gehenna_lava_caves
Geh:6:    layout_gehenna_pools_triple, lemuel_flamethrower_3
Geh:7:    geh_old
Coc:1:    layout_ice_bergs
Coc:2:    layout_ice_bergs
Coc:3:    layout_ice_bergs
Coc:4:    layout_cocytus_delve
Coc:5:    layout_ice_bergs
Coc:6:    layout_ice_bergs, nicolae_hells_hurtin_island
Coc:7:    coc_hangedman
Tar:1:    layout_grid_maze
Tar:2:    layout_honeycomb, nicolae_tar_cuneiform_two,
          nicolae_tar_cuneiform_three, lemuel_nasty_fountain
Tar:3:    layout_grid_maze
Tar:4:    layout_grid_maze
Tar:5:    layout_catacombs
Tar:6:    layout_grid_maze
Tar:7:    tar_minmay_river
Zot:1:    layout_misc_corridors
Zot:2:    ebering_greatest_show_in_zot, layout_gridlike, hangedman_swamp_dais
Zot:3:    layout_gridlike, ebering_ghost_reflecting_pool, grunt_megastairs_2
Zot:4:    layout_misc_corridors
Zot:5:    layout_misc_corridors, hangedman_zot_decor_slant

Skill      XL: |  1  2  3  4  5  6  7  8  9 10 11 12 13 14 15 16 17 18 19 20 21 22 23 24 25 26 27 |
---------------+----------------------------------------------------------------------------------+-----
Axes           | 1 2 3 4 5 6 8 9 10 11 12 13 14 15 16 17 18 19 23 | 23.1
Evocations     | 3 4 5 6 7 8 9 10 11 18 | 18.3
Fighting       | 2 4 5 7 8 9 10 11 12 13 14 15 16 17 19 20 21 27 | 27.0
Invocations    | 1 3 4 6 7 8 9 10 11 13 14 15 16 17 18 19 20 21 22 27 | 27.0
Shields        | 2 4 5 6 7 8 9 10 11 12 13 14 15 16 17 23 | 23.3
Armour         | 2 4 6 7 8 9 10 11 12 13 14 15 21 | 21.1
Dodging        | 3 4 5 6 7 8 9 16 | 16.6
Throwing       | 3 6 9 10 12 13 19 | 19.6
Maces & Flails | 3 |  3.8
Stealth        | |  0.7

Action                     |  1- 3 |  4- 6 |  7- 9 | 10-12 | 13-15 | 16-18 | 19-21 | 22-24 | 25-27 || total
---------------------------+-------+-------+-------+-------+-------+-------+-------+-------+-------++-------
  Melee: Hand axe          |   129 |   260 |   466 |   949 |       |       |     4 |       |       ||  1808
         Punch             |     1 |     2 |    11 |       |       |       |       |       |       ||    14
         Broad axe         |       |       |       |   213 |   867 |  1458 |  1236 |  1690 |  5854 || 11318
         Falchion          |       |       |       |       |     8 |       |       |       |       ||     8
         Eveningstar       |       |       |       |       |       |       |       |       |     7 ||     7
         Flail             |       |       |       |       |       |       |       |       |    46 ||    46
  Throw: Stone             |     4 |       |    18 |    32 |       |       |       |       |       ||    54
         Dart              |       |     2 |    38 |    56 |    23 |    54 |     8 |    34 |    29 ||   244
         Throwing net      |       |       |       |       |     1 |       |     1 |     1 |     7 ||    10
         Javelin           |       |       |       |       |       |       |       |    19 |    80 ||    99
 Invoke: Draw Destruction  |       |       |     6 |    27 |    61 |    31 |    31 |     8 |    18 ||   182
         Draw Summoning    |       |       |     1 |     6 |    31 |    25 |    17 |    21 |     9 ||   110
         Deal Four         |       |       |       |     1 |     5 |     5 |     6 |    14 |    51 ||    82
         Draw Escape       |       |       |       |       |     1 |       |       |       |       ||     1
         Draw Stack        |       |       |       |       |       |       |     1 |     1 |     3 ||     5
         Stack Five        |       |       |       |       |       |       |     1 |       |       ||     1
  Evoke: Wand              |     2 |     3 |     6 |    35 |    62 |    59 |     8 |    20 |    55 ||   250
         Phantom mirror    |       |       |       |     1 |     2 |     2 |     4 |     6 |    16 ||    31
         Condenser vane    |       |       |       |       |       |     2 |     6 |     9 |    12 ||    29
         Lightning rod     |       |       |       |       |       |     4 |    19 |    16 |    19 ||    58
         Phial of floods   |       |       |       |       |       |       |     2 |       |       ||     2
         Tin of tremorston |       |       |       |       |       |       |       |     2 |    10 ||    12
         Piece from Xom's  |       |       |       |       |       |       |       |     1 |       ||     1
         Horn of Geryon    |       |       |       |       |       |       |       |       |    15 ||    15
    Use: Scroll            |     3 |     5 |     4 |    10 |     7 |    13 |     7 |    15 |    77 ||   141
   Stab: Sleeping          |     2 |       |       |       |       |       |       |       |       ||     2
         Distracted        |       |       |       |       |     3 |     9 |     1 |     4 |    10 ||    27
         Petrified         |       |       |       |       |     5 |       |       |    16 |    12 ||    33
         Confused          |       |       |       |       |       |     5 |       |       |     3 ||     8
         Fleeing           |       |       |       |       |       |     1 |       |       |       ||     1
         Held in net/web   |       |       |       |       |       |       |     1 |       |     4 ||     5
         Petrifying        |       |       |       |       |       |       |       |     7 |       ||     7
 Armour: Leather armour    |    35 |       |       |       |    14 |       |       |       |       ||    49
         Scale mail        |     9 |   111 |   266 |   482 |   330 |   299 |       |       |       ||  1497
         Plate armour      |       |       |       |       |       |   310 |   312 |   422 |       ||  1044
         Gold dragon scale |       |       |       |       |       |       |       |   130 |  3737 ||  3867
  Dodge: Dodged            |    75 |   108 |   193 |   361 |   476 |   502 |   312 |   347 |  2149 ||  4523
  Block: Kite shield       |       |       |     3 |   546 |   520 |   883 |   799 |  1145 |  3494 ||  7390
         Tower shield      |       |       |       |       |       |       |       |       |  3790 ||  3790

Table legend: (Time is in decaauts)
 A = Elapsed time spent in this place.
 B = Non-inter-level travel time spent in this place.
 C = Inter-level travel time spent in this place.
 D = Time resting spent in this place.
 E = Time spent auto-exploring this place.
 F = Levels seen in this place.
 G = Mean time per level.
                   A        B        C        D        E       F      G
               +--------+--------+--------+--------+--------+-----+--------+
         Total | 104314 |  94240 |  10074 |  24463 |  25322 | 123 |  848.1 |
       Dungeon |  20145 |  16647 |   3498 |   3296 |   7595 |  15 | 1343.0 |
        Temple |     50 |     50 |      0 |      0 |      0 |   1 |   50.0 |
          Lair |   9016 |   7838 |   1178 |   2575 |   2832 |   5 | 1803.2 |
        Shoals |   4645 |   4532 |    113 |   2029 |     24 |   4 | 1161.2 |
     Snake Pit |  10009 |   9556 |    453 |   3772 |   2832 |   4 | 2502.2 |
    Slime Pits |   1993 |   1805 |    188 |    305 |      0 |   5 |  398.6 |
  Orcish Mines |   2232 |   1983 |    249 |    338 |    874 |   2 | 1116.0 |
   Elven Halls |   5194 |   4832 |    362 |   1480 |   1015 |   3 | 1731.3 |
        Vaults |   9304 |   7988 |   1316 |   1437 |   3385 |   5 | 1860.8 |
         Crypt |   4211 |   3787 |    424 |    836 |   1243 |   3 | 1403.7 |
          Tomb |   1741 |   1428 |    313 |    186 |      0 |   3 |  580.3 |
        Depths |   6543 |   5570 |    973 |   1422 |   1457 |   4 | 1635.8 |
          Hell |    652 |    573 |     79 |     98 |      0 |   1 |  652.0 |
           Dis |   3696 |   3466 |    230 |   1302 |    146 |   5 |  739.2 |
       Gehenna |   2899 |   2757 |    142 |    814 |    319 |   7 |  414.1 |
       Cocytus |   2420 |   2355 |     65 |    914 |     17 |   7 |  345.7 |
      Tartarus |   2125 |   1992 |    133 |    326 |    537 |   7 |  303.6 |
           Zot |   6012 |   5658 |    354 |    875 |   2097 |   5 | 1202.4 |
         Abyss |   1116 |   1116 |      0 |     46 |     69 |   5 |  223.2 |
   Pandemonium |   6834 |   6834 |      0 |   1331 |    880 |  18 |  379.7 |
      Ziggurat |    392 |    392 |      0 |    164 |      0 |   7 |   56.0 |
        Bazaar |    302 |    302 |      0 |      0 |      0 |   3 |  100.7 |
         Sewer |    391 |    391 |      0 |     20 |      0 |   1 |  391.0 |
        Bailey |    553 |    553 |      0 |     98 |      0 |   1 |  553.0 |
      Ice Cave |   1191 |   1191 |      0 |    569 |      0 |   1 | 1191.0 |
      Gauntlet |    637 |    637 |      0 |    226 |      0 |   1 |  637.0 |
               +--------+--------+--------+--------+--------+-----+--------+

Top non-repeatable levels by time:
 Snake:2: 3418 daAuts
 Snake:3: 3222 daAuts
   Dis:7: 2866 daAuts
  Lair:2: 2400 daAuts
    D:14: 2358 daAuts
  Lair:1: 2226 daAuts
 Snake:4: 2202 daAuts
Vaults:2: 2114 daAuts
Vaults:1: 2072 daAuts
   Elf:3: 2071 daAuts
Vaults:3: 2040 daAuts
Depths:2: 1900 daAuts
Depths:3: 1887 daAuts
Depths:4: 1863 daAuts
   Elf:2: 1854 daAuts
